 Dungeon Crawl Stone Soup version 0.32-a0-135-g14f8b2e1af (webtiles) character file.

Game seed: 15967825657744208365

3122152 Leszczynek the Bringer of Light (level 27, 318/318 HPs)
             Began as an Oni Wanderer on Jan 3, 2024.
             Was the Champion of the Shining One.
             Escaped with the Orb
             ... and 4 runes
             ... and 3 gems (0 intact) on Feb 10, 2024!
             The game lasted 05:44:12 (52122 turns).

Leszczynek the Bringer of Light (Oni Wanderer)     Turns: 52122, Time: 05:44:13

Health: 318/318    AC:  6    Str: 31    XL:     27
Magic:  21/40      EV: 19    Int: 12    God:    the Shining One [******]
Gold:   4032       SH:  0    Dex: 21    Spells: 24/42 levels left

rFire   + + .        a - +9 giant spiked club (holy)
rCold   + . .        (shield currently unavailable)
rNeg    + + +        R - +1 robe of Vines {NoPotionHeal Regen++++}
rPois   +            c - +2 hat
rElec   .            L - scarf of Protective Custody {rC+ rF+, Dex+2}
rCorr   .            (gloves unavailable)
SInv    .            (boots unavailable)
Will    +++..        p - amulet of the Tick {Regen+ Dex+5}
Stlth   +            W - ring "Muhi" {rPois rF+ Will+ Slay+2}
HPRegen 4.73/turn    t - ring "Jiteace" {rN++ Str+6 Int-2 Slay+4}
MPRegen 0.27/turn

%: no passive effects
@: weakened, glowing, studying 3 skills
A: large, unfitting armour, horns 1, tough skin 1, double potion healing,
drunken brawling, clumsy 1, sense surroundings 1, poison resistance
0: Orb of Zot
}: 4/15 runes: barnacled, slimy, silver, gossamer
a: Renounce Religion, Divine Shield, Cleansing Flame, Summon Divine Warrior


You escaped.
You worshipped the Shining One.
The Shining One was exalted by your worship.
You visited 12 branches of the dungeon, and saw 56 of its levels.
You also visited: Gauntlet.

You collected 9543 gold pieces.
You spent 5511 gold pieces at shops.

Inventory:

Hand Weapons
 a - a +9 giant spiked club of holy wrath (weapon)
 b - a +9 giant spiked club of freezing
 Q - a +6 spectral giant club
Missiles
 s - 15 atropa-tipped darts
 w - 48 boomerangs
 z - 5 curare-tipped darts
 I - 117 large rocks (quivered)
 J - 9 javelins
 T - 6 throwing nets
 X - 16 silver javelins
Armour
 c - a +2 hat (worn)
 L - the scarf of Protective Custody (worn) {rC+ rF+, Dex+2}
   (You found it on level 4 of the Spider Nest)

   Dex+2:     It affects your dexterity (+2).
 M - the +4 skin of Zhor {*Englaciate rC+++ SInv}
   (You found it on level 5 of the Lair of Beasts)

   *Englaciate: It radiates cold, occasionally slowing all nearby creatures who
   are not resistant to cold.
   rC+++:     It renders you almost immune to cold.
   SInv:      It lets you see invisible.
 P - a +2 cloak of willpower
 R - the +1 robe of Vines (worn) {NoPotionHeal Regen++++}
   (You found it on level 3 of the Crypt)

   NoPotionHeal: Its wearer cannot be healed by potions.
   Regen++++: It increases your rate of health regeneration.
Jewellery
 p - the amulet of the Tick (around neck) {Regen+ Dex+5}
   (You found it on level 3 of the Crypt)

   [amulet of regeneration]

   Dex+5:     It affects your dexterity (+5).
   Regen+:    It increases your rate of health regeneration.
 q - a ring of protection from fire
 r - the ring "Vorar" {rElec rN+}
   (You found it on level 3 of the Crypt)

   [ring of positive energy]

   rElec:     It insulates you from electricity.
   rN+:       It protects you from negative energy.
 t - the ring "Jiteace" (right hand) {rN++ Str+6 Int-2 Slay+4}
   (You acquired it on level 3 of the Dungeon)

   [ring of slaying]

   Str+6:     It affects your strength (+6).
   Int-2:     It affects your intelligence (-2).
   Slay+4:    It affects your accuracy & damage with ranged weapons and melee
   (+4).
   rN++:      It greatly protects you from negative energy.
 y - an amulet of the acrobat
 D - the ring "Jyjiqeub" {Will+ rCorr Str-3 Dex+4 Slay+2}
   (You found it on level 3 of the Crypt)

   [ring of resist corrosion]

   Str-3:     It affects your strength (-3).
   Dex+4:     It affects your dexterity (+4).
   Slay+2:    It affects your accuracy & damage with ranged weapons and melee
   (+2).
   Will+:     It increases your willpower.
   rCorr:     It protects you from acid and corrosion.
 W - the ring "Muhi" (left hand) {rPois rF+ Will+ Slay+2}
   (You found it in a Gauntlet)

   [ring of willpower]

   Slay+2:    It affects your accuracy & damage with ranged weapons and melee
   (+2).
   rF+:       It protects you from fire.
   rPois:     It protects you from poison Will+: It increases your willpower.
Wands
 x - a wand of light (24)
 F - a wand of mindburst (20)
 G - a wand of polymorph (23)
 N - a wand of iceblast (72)
 O - a wand of charming (61)
Scrolls
 d - 4 scrolls of enchant armour
 l - 9 scrolls of fog
 o - 20 scrolls of teleportation
 v - 3 scrolls of revelation
 A - 11 scrolls of blinking
 C - 7 scrolls of fear
 E - a scroll of enchant weapon
 H - 11 scrolls of vulnerability {!r}
 Z - 3 scrolls of summoning
Potions
 e - 25 potions of curing {@q1}
 f - 9 potions of ambrosia
 g - 8 potions of enlightenment
 h - 9 potions of haste
 i - 9 potions of heal wounds {@q2}
 j - 5 potions of cancellation
 k - 6 potions of resistance
 m - 9 potions of mutation {!q}
 K - 7 potions of berserk rage {!q}
 U - 2 potions of magic
 V - 13 potions of might
Miscellaneous
 n - a box of beasts
 u - a lightning rod (4/4)
 B - a tin of tremorstones (2/2)
 S - a phial of floods
 Y - a phantom mirror


   Skills:
 - Level 26.2 Fighting
 - Level 22.8(22.9) Maces & Flails
 - Level 4.0(15.5) Staves
 - Level 19.6 Throwing
 - Level 13.0 Dodging
 - Level 8.0 Spellcasting
 - Level 8.0 Hexes
 - Level 9.4 Translocations
 - Level 1.0 Air Magic
 - Level 9.2 Earth Magic
 + Level 26.8 Invocations
 - Level 13.0 Evocations


You had 24 spell levels left.
You knew the following spells:

 Your Spells              Type           Power      Damage    Failure   Level
a - Shock                 Conj/Air       24%        1d4       12%         1
b - Lesser Beckoning      Tloc           54%        N/A       1%          2
c - Dimensional Bullseye  Hex/Tloc       12%        N/A       4%          4
d - Manifold Assault      Tloc           27%        N/A       3%          4
e - Passage of Golubria   Tloc           27%        N/A       3%          4
f - Passwall              Erth           26%        N/A       1%          3

Your spell library contained the following spells:

 Spells                   Type           Power      Damage    Failure   Level
 Confusing Touch          Hex            24%        N/A       1%          3
 Tukima's Dance           Hex            24%        N/A       1%          3
 Ensorcelled Hibernation  Hex/Ice        28%        N/A       4%          2
 Cause Fear               Hex            12%        N/A       5%          4
 Stone Arrow              Conj/Erth      30%        3d8       7%          3
 Inner Flame              Hex/Fire       14%        N/A       9%          3
 Lee's Rapid Deconstruct  Erth           13%        3d9*      10%         5
 Freeze                   Ice            16%        1d4       14%         1
 Kiss of Death            Conj/Necr      16%        2d6       14%         1
 Magic Dart               Conj           16%        1d3       14%         1
 Necrotise                Necr           16%        1d4       14%         1
 Summon Small Mammal      Summ           16%        N/A       14%         1
 Mercury Vapours          Alch/Air       12%        N/A       19%         2
 Cigotuvi's Dreadful Rot  Necr/Alch/Air  10%        N/A       21%         2
 Scorch                   Fire           8%         2d5       22%         2
 Searing Ray              Conj           8%         2d4       22%         2
 Sublimation of Blood     Necr           4%         N/A       22%         2
 Animate Armour           Summ/Erth      30%        N/A       22%         4
 Brom's Barrelling Bould  Conj/Erth      15%        2d4       22%         4
 Iskenderun's Mystic Bla  Conj/Tloc      16%        2d5       22%         4
 Leda's Liquefaction      Alch/Erth      7%         N/A       22%         4
 Petrify                  Alch/Erth      15%        N/A       22%         4
 Swiftness                Air            7%         N/A       28%         3
 Anguish                  Hex/Necr       7%         N/A       28%         4
 Mephitic Cloud           Conj/Alch/Air  5%         N/A       36%         3
 Call Canine Familiar     Summ           4%         N/A       41%         3
 Frozen Ramparts          Ice            8%         1d2       41%         3
 Fugue of the Fallen      Necr           4%         N/A       41%         3
 Hailstorm                Conj/Ice       4%         3d5       41%         3
 Ozocubu's Armour         Ice            4%         N/A       41%         3
 Summon Ice Beast         Ice/Summ       4%         N/A       41%         3
 Dispersal                Tloc           13%        N/A       43%         6
 Summon Forest            Summ/Tloc      8%         N/A       52%         5
 Silence                  Hex/Air        7%         N/A       54%         5
 Metabolic Englaciation   Hex/Ice        7%         N/A       61%         5
 Summon Mana Viper        Hex/Summ       14%        N/A       61%         5
 Yara's Violent Unravell  Hex/Alch       7%         3d5       61%         5
 Airstrike                Air            3%         2d(1-17)  67%         4
 Summon Lightning Spire   Summ/Air       6%         N/A       75%         4
 Dispel Undead            Necr           4%         3d7       82%         4
 Flame Wave               Conj/Fire      4%         2d5       82%         4
 Fulminant Prism          Conj/Alch      2%         3d5       82%         4
 Ignite Poison            Fire/Alch      4%         N/A       82%         4
 Olgreb's Toxic Radiance  Alch           4%         N/A       82%         4
 Sticky Flame             Fire/Alch      4%         2d4       82%         4
 Summon Blazeheart Golem  Fire/Summ      4%         N/A       82%         4
 Freezing Cloud           Conj/Ice/Air   2%         6-21      98%         5
 Bombard                  Conj/Erth      7%         9d2       98%         6
 Fireball                 Conj/Fire      2%         3d4       99%         5
 Irradiate                Conj/Alch      2%         3d12      99%         5
 Iskenderun's Battlesphe  Conj           4%         2d6       99%         5
 Conjure Ball Lightning   Conj/Air       3%         3x3d6     100%        6
 Eringya's Noxious Bog    Alch           2%         4d6       100%        6
 Plasma Beam              Fire/Air       3%         2x1d13    100%        6
 Sculpt Simulacrum        Ice/Alch       2%         N/A       100%        6
 Summon Cactus Giant      Summ           2%         N/A       100%        6
 Haunt                    Necr/Summ      2%         N/A       100%        7
 Monstrous Menagerie      Summ           2%         N/A       100%        7
 Orb of Destruction       Conj           2%         9d5       100%        7
 Ozocubu's Refrigeration  Ice            2%         4d7       100%        7
 Summon Hydra             Summ           2%         N/A       100%        7
 Discord                  Hex            12%        N/A       100%        8
 Disjunction              Tloc           13%        N/A       100%        8
 Ignition                 Fire           2%         3d3       100%        8
 Lehudib's Crystal Spear  Conj/Erth      7%         10d3      100%        8
 Summon Horrible Things   Summ           2%         N/A       100%        8
 Dragon's Call            Summ           2%         N/A       100%        9
 Polar Vortex             Ice            2%         N/A       100%        9


Dungeon Overview and Level Annotations

Branches:
Dungeon (15/15)            Temple (0/1) D:5            Lair (5/5) D:11
 Shoals (4/4) Lair:3       Spider (4/4) Lair:2        Slime (5/5) Lair:5
    Orc (2/2) D:12            Elf (3/3) Orc:2        Vaults (5/5) D:14
  Crypt (3/3) Vaults:3       Tomb (1/3) Crypt:3      Depths (4/4) D:15
    Zot (5/5) Depths:4    Gauntlet (visited)

Altars:
Elyvilon
Fedhas
Gozag
Kikubaaqudgha
Qazlal
Ru
Trog
Vehumet
Wu Jian
The Shining One
Jiyva

Shops:
D:1 !   D:3 [*(*   D:10 *   Orc:2 *[[*=   Shoals:1 :   Shoals:4 *
Vaults:4 [**   Vaults:5 *   Depths:1 :   Depths:2 !   Depths:3 ?[:

Portals:
Hell: Depths:1 Depths:2 Depths:3
Abyss: Depths:3 Depths:4
Pandemonium: Depths:1 Depths:2 Depths:3
Ziggurat: Depths:2

Annotations:
D:12 2 transporters
D:14 Vaults, 2 transporters (AC+8 ring), exclusion: orange crystal statue, FlatIsJustice's ghost, journeyman TeAE
Vaults:1 6 runed translucent doors
Crypt:2 9 runed translucent doors


Innate Abilities, Weirdness & Mutations

You are too large for most types of armour.
You have a pair of small horns on your head.
You have tough skin. (AC +1)
You gain doubled healing and magic from potions.
Whenever you drink a healing potion, you attack all around you.
You are clumsy. (Dex -2)
You passively map a small area around you.
Your system is resistant to poisons. (rPois)


Message History

The bolt of negative energy hits the Hell Sentinel.
The Hell Sentinel completely resists.
You skewer the Hell Sentinel like a kebab!!!
The Hell Sentinel convulses.
You headbutt the Hell Sentinel, but do no damage.
The Hell Sentinel is heavily wounded.
The Hell Sentinel hits you!! The Hell Sentinel hits you.
You impale the Hell Sentinel!!
The Hell Sentinel convulses!
The Hell Sentinel is severely wounded.
The demonspawn black sun barely misses you.
The Hell Sentinel hits you. The Hell Sentinel closely misses you.
You hit the Hell Sentinel but do no damage.
You headbutt the Hell Sentinel, but do no damage.
The Hell Sentinel is severely wounded.
The demonspawn black sun calls down the wrath of Kikubaaqudgha upon you.
The bolt of negative energy misses you.
The bolt of negative energy hits the Hell Sentinel.
The Hell Sentinel completely resists.
You hit the Hell Sentinel.
The Hell Sentinel convulses.
The Hell Sentinel is almost dead.
The Hell Sentinel hits you! x2
You bludgeon the Hell Sentinel!!
You kill the Hell Sentinel!
The Shining One accepts your kill.
You feel better.
You feel your power returning.
The demonspawn black sun calls down the wrath of Kikubaaqudgha upon you.
The bolt of negative energy hits you but does no damage.
You resist.
You crush the demonspawn black sun like a grape!!!
You kill the demonspawn black sun!
The Shining One accepts your kill.
You feel better.
You feel your power returning.
Things that are here:
a +1 demon trident of flaming; a +0 chain mail; a +0 buckler You enter the shallow water.
A blizzard demon comes into view.
There is an open door here.
The blizzard demon moves out of view.
There is a staircase leading out of the dungeon here.
You have escaped!

#....###.###..####...##...†.##
###### #....#......#....#####
####.######.......##
♣~~~♣##....#..#..###
♣~2~~##.#####.##...## ###P~♣####*
#.####..## #.##2##.# #..# ##...
#..'~'..# #..# #### #.##~##@##*
##.## ###
###♣~♣###.######..####.. ##
#P~~~P##.....##........ .#
###♣~~~~####.......#####.
.########)..)~###....#.##..## ##
..#.)..†..######..####...#..#####
#.#.####### #.## ##..........
#...# #.# #..........
#..#############.# #..........


You could see a blizzard demon.

Vanquished Creatures
  the Royal Jelly (Slime:5)
  3 pandemonium lords
  Frederick (Vaults:2)
  3 dread liches
  3 ancient liches
  2 orbs of fire (Zot:5)
  3 juggernauts
  Boris (thrice) (Crypt:2 Tomb:1 Depths:4)
  7 Killer Klowns (Zot:5)
  2 caustic shrikes (Depths:3)
  5 golden dragons
  Nikola (Shoals:1)
  Arachne (Spider:2)
  A bone dragon (Depths:4)
  3 doom hounds (Depths:4)
  3 electric golems (Zot:5)
  Zenata (Crypt:2)
  8 liches
  Jorgrun (Elf:2)
  The ghost of Jullin the Slayer, an adept MiBe of Trog (Shoals:1)
  An Ice Fiend (D:2)
  A shard shrike skeleton (Crypt:3)
  A Hell Sentinel (D:1)
  11 tentacled monstrosities
  3 titans (Vaults:5)
  A walking frostbound tome (Depths:4)
  26 Orb Guardians
  A walking crystal tome (Depths:3)
  The ghost of nago the Fighter, an adept DsCA of Ignis (Vaults:1)
  2 deep elf master archers (Elf:3)
  Grunn (Depths:4)
  The ghost of Ybboohyv the Warrior, an adept HOMo of Beogh (Depths:3)
  3 deep elf blademasters
  2 quicksilver dragons
  14 acid blobs
  7 death cobs
  6 ancient champions
  4 sphinxes
  Polyphemus (Shoals:2)
  The ghost of Rivaunt the Carver, an adept GnRe of Zin (Shoals:1)
  4 tengu reavers
  Frances (Shoals:1)
  5 shadow dragons
  Ilsuiw (Shoals:3)
  A draconian monk (Zot:5)
  Donald (Shoals:1)
  Aizul (Lair:2)
  12 rockslimes
  A protean progenitor (Zot:2)
  2 revenants
  16 vault wardens
  10 storm dragons
  8 deep elf sorcerers
  A draconian knight (Zot:3)
  8 fire giants
  A draconian shifter (Zot:2)
  6 ghost moths
  10 azure jellies
  10 frost giants
  5 emperor scorpions
  4 draconian scorchers
  2 iron dragons
  A balrug (D:7)
  5 deep elf elementalists (Elf:3)
  5 reapers
  3 curse skulls
  A draconian annihilator (Depths:4)
  A spriggan defender (Depths:3)
  2 juggernaut zombies (Crypt:3)
  3 broodmothers
  3 ghouls (Crypt:1)
  4 orc warlords
  A draconian stormcaller (Zot:5)
  23 stone giants
  7 ironbound thunderhulks
  20 ironbound preservers
  11 quicksilver oozes
  24 very ugly things
  4 formless jellyfish
  9 vampire knights
  6 deep elf demonologists
  2 demonspawn black suns (D:1)
  Nessos (Lair:4)
  7 deep elf death magi
  2 purple draconians (Zot:5)
  10 deep elf annihilators
  6 red draconians
  7 green draconians
  5 black draconians
  A minotaur (Gauntlet)
  The ghost of Hegi the Mimic, a journeyman TrSh (Lair:2)
  4 dire elephants
  4 war gargoyles
  9 spark wasps
  2 white draconians
  2 lorocyprocas
  12 eidola
  19 ettins
  2 yellow draconians
  2 merfolk javelineers
  A green death (Depths:4)
  11 fire dragons
  A crystal guardian (Vaults:3)
  4 jiangshi
  A mummy priest (Crypt:3)
  4 deep elf high priests
  An entropy weaver (shapeshifter) (Elf:3)
  10 merfolk impalers
  4 entropy weavers
  Josephine (D:10)
  A spriggan zombie (Tomb:1)
  17 yaktaur captains
  12 great orbs of eyes
  Harold (D:11)
  3 spriggan air magi
  8 hydras
  4 rakshasas
  38 vault guards
  9 centaur warriors
  2 catoblepae
  2 jorogumos (Zot:2)
  3 peacekeepers
  A merfolk avatar (Lair:5)
  14 ice dragons
  3 alligator snapping turtles
  3 ogre magi
  6 boulder beetles
  3 radroaches
  3 merfolk aquamancers (Shoals:4)
  6 two-headed ogres
  7 ironbound frosthearts
  3 spriggan skeletons (Crypt:3)
  2 death knights
  5 deep troll shamans
  32 dancing weapons
  14 deep troll earth magi
  6 vampire magi
  11 tengu warriors
  8 death yaks
  2 satyrs
  A sphinx skeleton (Depths:3)
  6 death scarabs (Tomb:1)
  7 demonic crawlers
  2 orc high priests (Orc:2)
  2 hell knights
  5 occultists
  A spriggan (Depths:4)
  4 soul eaters
  2 sun demons
  3 pharaoh ants
  6 spriggan berserkers
  9 skeletal warriors
  29 deep elf knights
  6 skysharks
  A bunyip zombie (Crypt:3)
  A shadow wraith (Crypt:2)
  A skyshark (shapeshifter) (Vaults:4)
  2 iron trolls (Vaults:5)
  58 deep trolls
  A shadow demon (Zot:4)
  2 glowing orange brains (shapeshifter)
  3 glowing orange brains
  4 flayed ghosts
  2 spriggan druids (Elf:1)
  An obsidian statue (Zot:5)
  A sun moth (Spider:4)
  9 orb spiders (Spider:4)
  4 bog bodies
  16 sea snakes
  Pikel (D:6)
  6 large abominations
  A swamp dragon (shapeshifter) (Depths:2)
  13 phantasmal warriors
  8 arcanists
  15 deep elf archers
  10 orc knights
  2 lindwurms
  30 harpies
  An anaconda skeleton (Crypt:3)
  A wolf spider (shapeshifter) (Elf:3)
  A harpy (shapeshifter) (D:14)
  13 ironbound convokers
  13 necromancers
  8 steelbarb worms
  25 wolf spiders
  2 shining eyes (Slime:2)
  35 deep elf zephyrmancers
  A shadow dragon skeleton (Depths:3)
  11 cyclopes
  34 deep elf pyromancers
  2 tengu skeletons
  31 ugly things
  A shining eye (shapeshifter) (Elf:1)
  7 fauns
  4 orc sorcerers (Orc:2)
  An iron dragon skeleton (Depths:3)
  18 manticores
  A human zombie (Vaults:5)
  A draconian skeleton (Crypt:3)
  4 kobold blastminers (Orc:2)
  8 elephants
  15 moths of wrath
  A black mamba (shapeshifter) (Elf:1)
  10 merfolk sirens
  A guardian serpent (Vaults:3)
  A dire elephant zombie (Crypt:3)
  3 black mambas
  4 water nymphs (Shoals:4)
  2 rust devils
  7 torpor snails
  2 alligator snapping turtle zombies (Crypt:3)
  A cane toad (shapeshifter) (Depths:3)
  4 gargoyles
  14 cane toads
  14 vault sentinels
  An orange demon (D:7)
  A smoke demon (Depths:1)
  A grey draconian zombie (Crypt:2)
  A pale draconian zombie (Crypt:1)
  A dire elephant skeleton (Crypt:3)
  7 rime drakes
  A rime drake (shapeshifter) (Elf:1)
  3 alligator snapping turtle skeletons (Crypt:3)
  A steelbarb worm zombie (Crypt:2)
  An ice devil (D:9)
  3 freezing wraiths
  A minotaur zombie (Gauntlet)
  30 yaktaurs
  10 kobold demonologists
  3 unseen horrors
  6 komodo dragons
  An elf skeleton (Vaults:5)
  2 efreet (D:13)
  A minotaur skeleton (Crypt:2)
  An iron troll skeleton (Crypt:2)
  2 red devils (D:9)
  4 tengu conjurers
  7 trolls
  A white draconian skeleton (Crypt:1)
  7 harpy zombies (Crypt:3)
  5 guardian mummies
  A hydra zombie (Crypt:3)
  A death yak skeleton (Crypt:2)
  6 wind drakes
  6 polar bears
  A queen bee (Gauntlet)
  15 hellwings
  8 hornets
  38 tarantellas
  26 merfolk
  3 glass eyes
  An iron dragon simulacrum (Depths:3)
  A death drake skeleton (Crypt:2)
  7 saltlings
  67 slime creatures
  14 dream sheep
  14 blink frogs
  6 snapping turtles
  An ice dragon skeleton (Crypt:3)
  22 jumping spiders
  7 air elementals
  24 culicivoras
  A fire dragon skeleton (Crypt:2)
  4 small abominations
  14 wraiths
  A ynoxinul (D:9)
  9 water elementals
  3 vampires
  73 yaks
  5 basilisks
  6 wyverns
  6 humans (D:14)
  A fire elemental (Elf:1)
  2 ushabtiu
  6 golden eyes (Zot:4)
  A steam dragon (Lair:5)
  8 wargs
  2 chaos spawn (Depths:3)
  62 redbacks
  2 redbacks (shapeshifter)
  2 vampire mosquitoes (D:11)
  A naga zombie (Crypt:3)
  An acid dragon (D:12)
  A deep troll zombie (Crypt:1)
  12 water moccasins
  A demonspawn skeleton (Crypt:1)
  An ice beast (D:8)
  20 orc warriors
  4 black bears
  A naga skeleton (Crypt:3)
  A sky beast (shapeshifter) (D:15)
  31 laughing skulls
  2 sky beasts
  A boggart (shapeshifter) (D:14)
  4 ogres
  A boggart (Elf:1)
  15 wolves
  12 centaurs
  A phantom (D:5)
  A lemure (D:5)
  Blork the orc (D:4)
  7 kobold brigands
  2 earth elementals
  10 bullfrogs
  A gnoll sergeant (D:7)
  A scorpion (D:7)
  6 wyvern skeletons (Crypt:3)
  4 wights (D:9)
  15 killer bees
  A yak skeleton (Crypt:1)
  6 electric eels
  5 jellies
  6 howler monkeys
  2 bombardier beetles (D:6)
  3 hounds
  A gnoll bouda (D:9)
  3 quasits (D:9)
  12 orc priests
  A sleepcap (D:8)
  A bullfrog skeleton (Crypt:1)
  Terence (D:3)
  A black bear skeleton (Crypt:1)
  2 iguanas
  14 orc wizards
  An acid dragon skeleton (Crypt:1)
  16 gnolls
  A swamp drake zombie (Crypt:1)
  5 adders
  A white imp (D:6)
  6 ufetubi
  An iguana skeleton (Crypt:1)
  2 ribbon worms (D:3)
  4 dart slugs
  43 orcs
  10 ball pythons
  A bat zombie (Crypt:2)
  8 endoplasms
  3 giant cockroaches
  5 goblins
  7 hobgoblins
  10 jackals
  29 kobolds
  3 quokkas
  9 bats
  3 frilled lizards
  9 rats
2299 creatures vanquished.

Vanquished Creatures (collateral kills)
  Mara (Vaults:2)
  A sphinx (Vaults:2)
  2 merfolk impalers
  A merfolk avatar (Shoals:4)
  A sun demon (D:9)
  2 sea snakes (Shoals:4)
  A kraken simulacrum (Shoals:4)
  An ugly thing (Vaults:5)
  A vault sentinel (Vaults:2)
  A wind drake (Shoals:4)
  A water elemental (Shoals:4)
  A yak (D:9)
  A tentacle (Shoals:4)
15 creatures vanquished.

Vanquished Creatures (others)
  A vault guard (D:14)
  2 deep elf zephyrmancers (Elf:1)
  A manticore (D:14)
  An ugly thing (D:14)
  A molten gargoyle (Gauntlet)
  A jumping spider (Spider:4)
  A slime creature (D:14)
  A water elemental (Elf:1)
  A centaur (D:14)
  3 tentacles (Shoals:4)
13 creatures vanquished.

Grand Total: 2327 creatures vanquished

Notes
Turn   | Place    | Note
-------+----------+-------------------------------------------
     0 | D:1      | Leszczynek the Oni Wanderer began the quest for the Orb.
     0 | D:1      | Leszczynek set off with the following items: a +2
                  | quarterstaff, a +0 robe, a potion of lignification {!q};
                  | and the following spell memorised: Shock; and the following
                  | spells available to memorise: Swiftness.
     0 | D:1      | Reached XP level 1. HP: 22/22 MP: 2/2
    34 | D:1      | Reached skill level 3 in Fighting
    37 | D:1      | Reached skill level 1 in Maces & Flails
    37 | D:1      | Reached XP level 2. HP: 31/31 MP: 3/3
    82 | D:1      | Found Garor's Distillery.
   129 | D:1      | Bought a potion of curing for 30 gold pieces
   289 | D:1      | Reached XP level 3. HP: 32/39 MP: 4/4
   500 | D:2      | Reached skill level 4 in Fighting
   510 | D:2      | Reached skill level 2 in Maces & Flails
   760 | D:3      | Reached XP level 4. HP: 28/49 MP: 5/5
   786 | D:3      | Found a faded altar of an unknown god.
   814 | D:3      | Found Jaczeclu's Assorted Antiques.
   816 | D:3      | Found Zafojify's Antique Weapon Boutique.
   829 | D:3      | Found Kocuam's Armour Shop.
   878 | D:3      | Bought a sedimented cyan potion for 26 gold pieces
   901 | D:3      | Noticed Terence
   922 | D:3      | Killed Terence
   946 | D:3      | Upgraded the game from 0.31-a0-1570-g93c622d222 to
                  | 0.31-a0-1576-ga3383bade6
   981 | D:3      | Found a blossoming altar of Fedhas.
   986 | D:3      | Found a white marble altar of Elyvilon.
   986 | D:3      | Found a sacrificial altar of Ru.
   986 | D:3      | Found an ornate altar of the Wu Jian Council.
   986 | D:3      | Found a bloodstained altar of Trog.
   987 | D:3      | Found a glowing golden altar of the Shining One.
   987 | D:3      | Found a stormy altar of Qazlal.
   992 | D:3      | Became a worshipper of the Shining One
  1030 | D:3      | Found Giekhoo's General Store.
  1043 | D:3      | Bought a scroll of identify for 26 gold pieces
  1133 | D:3      | Reached skill level 5 in Fighting
  1133 | D:3      | Reached skill level 3 in Maces & Flails
  1133 | D:3      | Reached XP level 5. HP: 39/57 MP: 6/6
  1232 | D:4      | Noticed Blork the orc
  1249 | D:4      | Noticed a black bear
  1250 | D:4      | uh
  1255 | D:4      | Killed a black bear
  1256 | D:4      | Reached skill level 4 in Maces & Flails
  1256 | D:4      | Reached XP level 6. HP: 45/66 MP: 7/7
  1262 | D:4      | 21 str doing work i guess
  1488 | D:4      | Killed Blork the orc
  1527 | D:4      | Identified the +1 mace "Xariprab" {freeze, rElec Dex+2}
  1655 | D:5      | Entered Level 5 of the Dungeon
  1655 | D:5      | Found a staircase to the Ecumenical Temple.
  1727 | D:5      | Reached skill level 6 in Fighting
  1731 | D:5      | Noticed a black bear
  1745 | D:5      | Killed a black bear
  1746 | D:5      | Reached skill level 5 in Maces & Flails
  1870 | D:5      | Reached XP level 7. HP: 60/76 MP: 8/8
  2099 | D:5      | eh
  2099 | D:5      | polearms
  2099 | D:5      | manual of
  2193 | D:5      | Reached skill level 6 in Maces & Flails
  2197 | D:5      | Reached skill level 7 in Fighting
  2201 | D:5      | Reached * piety under the Shining One
  2212 | D:4      | HP: 7/78 [gnoll/+0 flail (10)]
  2412 | D:5      | Reached XP level 8. HP: 60/87 MP: 9/9
  2504 | D:6      | Noticed Pikel
  2571 | D:6      | Reached skill level 7 in Maces & Flails
  2571 | D:6      | Reached skill level 2 in Dodging
  2693 | D:6      | Killed Pikel
  2694 | D:6      | Reached skill level 8 in Maces & Flails
  2694 | D:6      | Reached skill level 3 in Dodging
  2779 | D:6      | Noticed a yak
  2798 | D:6      | Noticed a yak
  2798 | D:6      | Noticed a yak
  2799 | D:6      | Killed a yak
  2799 | D:6      | Noticed a yak
  2821 | D:6      | Noticed a yak
  2832 | D:5      | Killed a yak
  2833 | D:5      | Reached skill level 9 in Maces & Flails
  2833 | D:5      | Reached skill level 4 in Dodging
  2833 | D:5      | Reached XP level 9. HP: 49/93 MP: 8/10
  3115 | D:6      | Reached skill level 1 in Invocations
  3323 | D:6      | Reached skill level 2 in Invocations
  3428 | D:7      | Reached skill level 8 in Fighting
  3482 | D:7      | Reached skill level 3 in Invocations
  3666 | D:7      | Reached skill level 10 in Maces & Flails
  3781 | D:7      | Reached ** piety under the Shining One
  3809 | D:7      | Reached skill level 4 in Invocations
  4028 | D:8      | Noticed a two-headed ogre
  4042 | D:8      | Killed a two-headed ogre
  4043 | D:8      | Reached skill level 11 in Maces & Flails
  4043 | D:8      | Reached XP level 10. HP: 69/106 MP: 9/13
  4222 | D:9      | Reached skill level 1 in Throwing
  4288 | D:9      | Reached skill level 12 in Maces & Flails
  4309 | D:9      | Noticed a sun demon
  4321 | D:9      | Killed a sun demon
  4322 | D:9      | Reached skill level 2 in Throwing
  4330 | D:9      | feels really bad to waste ?summoning
  4330 | D:9      | but i lost a lot of hp very fast and I don't have ?blink
                  | identified
  4332 | D:9      | so it's not really a waste of a scroll
  4353 | D:8      | Reached skill level 3 in Throwing
  4782 | D:9      | Reached skill level 13 in Maces & Flails
  4806 | D:9      | Reached *** piety under the Shining One
  4815 | D:9      | Reached skill level 4 in Throwing
  4924 | D:9      | Reached XP level 11. HP: 103/113 MP: 10/14
  4934 | D:9      | Reached skill level 9 in Fighting
  5041 | D:10     | Entered Level 10 of the Dungeon
  5186 | D:10     | Reached skill level 14 in Maces & Flails
  5325 | D:10     | Reached skill level 10 in Fighting
  5357 | D:10     | Found Siadis's Assorted Antiques.
  5360 | D:10     | Bought a scroll labelled XASKYRCH YSAVOLO for 23 gold
                  | pieces
  5360 | D:10     | Bought a scroll of teleportation for 69 gold pieces
  5360 | D:10     | Bought a wooden wand for 92 gold pieces
  5360 | D:10     | Bought a small jade amulet for 115 gold pieces
  5453 | D:10     | Noticed Josephine
  5454 | D:10     | crap
  5465 | D:10     | Killed Josephine
  5466 | D:10     | Reached skill level 5 in Invocations
  5521 | D:10     | Reached skill level 6 in Invocations
  5560 | D:10     | Noticed a cyclops
  5560 | D:10     | Noticed an ogre mage
  5567 | D:10     | mh
  5821 | D:11     | Noticed Harold
  5855 | D:11     | Killed Harold
  5856 | D:11     | Reached XP level 12. HP: 72/128 MP: 16/16
  5912 | D:11     | Reached skill level 15 in Maces & Flails
  5927 | D:11     | Noticed a boulder beetle
  5944 | D:11     | Killed a boulder beetle
  5945 | D:11     | Reached skill level 11 in Fighting
  5945 | D:11     | Reached skill level 7 in Invocations
  5962 | D:11     | Found a staircase to the Lair.
  5966 | D:11     | Reached **** piety under the Shining One
  6227 | D:11     | Noticed a two-headed ogre
  6229 | D:11     | Killed a two-headed ogre
  6230 | D:11     | Reached skill level 8 in Invocations
  6234 | D:11     | Noticed a two-headed ogre
  6241 | D:11     | Killed a two-headed ogre
  6327 | D:12     | Noticed a centaur warrior
  6337 | D:12     | Killed a centaur warrior
  6347 | D:12     | Found a staircase to the Orcish Mines.
  6352 | Orc:1    | Entered Level 1 of the Orcish Mines
  6373 | D:12     | Reached skill level 5 in Throwing
  6424 | Orc:1    | Noticed a two-headed ogre
  6431 | Orc:1    | Killed a two-headed ogre
  6432 | Orc:1    | Reached skill level 9 in Invocations
  6617 | Orc:2    | Entered Level 2 of the Orcish Mines
  6654 | Orc:2    | Noticed an orc high priest
  6665 | Orc:2    | oh, this guy
  6687 | Orc:2    | Reached skill level 6 in Throwing
  6695 | Orc:2    | Killed an orc high priest
  6696 | Orc:2    | Reached skill level 16 in Maces & Flails
  6868 | Orc:2    | Reached XP level 13. HP: 137/137 MP: 20/20
  6928 | Orc:2    | Found a dark tunnel.
  7022 | Orc:2    | Found a staircase to the Elven Halls.
  7075 | Orc:2    | the fuck is this
  7075 | Orc:2    | desolation orc ending?
  7080 | Orc:2    | Found Nocriliwo's Jewellery Emporium.
  7117 | Orc:2    | Reached ***** piety under the Shining One
  7150 | Orc:2    | Reached skill level 7 in Throwing
  7331 | Orc:2    | Paralysed by an orc sorcerer for 2 turns
  7338 | Orc:2    | Reached skill level 10 in Invocations
  7358 | Orc:2    | Upgraded the game from 0.31-a0-1576-ga3383bade6 to
                  | 0.31-a0-1616-gbeaec30b81
  7416 | Orc:2    | Reached skill level 12 in Fighting
  7494 | Orc:2    | Paralysed by an orc sorcerer for 4 turns
  7497 | Orc:2    | Noticed an orc warlord
  7615 | Orc:2    | Killed an orc warlord
  7702 | Orc:2    | Reached skill level 8 in Throwing
  7714 | Orc:2    | Found Ohaelex's General Store.
  7731 | Orc:2    | Found Dogisaq's Antique Armour Boutique.
  7733 | Orc:2    | Found Kivux's Assorted Antiques.
  7761 | Orc:2    | Found Duepp's Antique Armour Shop.
  7795 | Orc:2    | Bought a scroll labelled UBUKIUTOCK for 33 gold pieces
  7795 | Orc:2    | Bought a scroll of identify for 66 gold pieces
  7814 | Orc:2    | Bought a potion of curing for 45 gold pieces
  7814 | Orc:2    | Bought a scroll of identify for 30 gold pieces
  7814 | Orc:2    | Bought a potion of degeneration for 15 gold pieces
  7814 | Orc:2    | Bought a scroll of enchant armour for 112 gold pieces
  8081 | D:3      | Bought a scroll of acquirement for 676 gold pieces
  8081 | D:3      | Acquired the ring "Jiteace" {rN++ Str+6 Int-2 Slay+4}
  8085 | D:3      | maybe i should have bought that rpois ring instead
  8085 | D:3      | lol
  8504 | D:12     | Found a transporter.
  8509 | D:12     | Found a transporter.
  8511 | D:12     | Found a transporter.
  8511 | D:12     | Found a transporter.
  8628 | D:12     | Reached skill level 17 in Maces & Flails
  8676 | D:13     | Reached skill level 11 in Invocations
  8707 | D:13     | Reached XP level 14. HP: 146/150 MP: 22/22
  8761 | D:13     | Reached skill level 13 in Fighting
  8778 | D:14     | Found a transporter.
  8792 | D:14     | Reached skill level 9 in Throwing
  8892 | D:14     | Noticed FlatIsJustice's ghost (journeyman TeAE)
  9010 | D:15     | Entered Level 15 of the Dungeon
  9081 | D:15     | Found a staircase to the Depths.
  9099 | D:15     | Got a smoky gem with 1340 turns to spare
  9100 | D:15     | gotcha
  9420 | D:15     | Reached skill level 12 in Invocations
  9476 | D:14     | Found a transporter.
  9514 | D:14     | Reached skill level 14 in Fighting
  9595 | D:13     | Reached skill level 10 in Throwing
 10203 | D:11     | oh, you can lose acquired gems
 10203 | D:11     | wow
 10204 | Lair:1   | Entered Level 1 of the Lair of Beasts
 10268 | Lair:1   | Upgraded the game from 0.31-a0-1616-gbeaec30b81 to
                  | 0.32-a0-30-gefbe487952
 10268 | Lair:1   | Upgraded the game from 0.32-a0-30-gefbe487952 to
                  | 0.32-a0-42-ga30500b4d3
 10268 | Lair:1   | Upgraded the game from 0.32-a0-42-ga30500b4d3 to
                  | 0.32-a0-85-g672eff3212
 10294 | Lair:1   | Found a gate leading to a gauntlet.
 10303 | Gauntlet | Entered a Gauntlet
 10303 | Gauntlet | Found a large runed translucent door.
 10303 | Gauntlet | Found a large runed translucent door.
 10303 | Gauntlet | Found a large runed translucent door.
 10303 | Gauntlet | Found a large runed translucent door.
 10303 | Gauntlet | Found a runed translucent door.
 10303 | Gauntlet | Found a large runed translucent door.
 10303 | Gauntlet | Found a large runed translucent door.
 10303 | Gauntlet | Found a transporter.
 10303 | Gauntlet | Found a transporter.
 10303 | Gauntlet | Found a large runed translucent door.
 10303 | Gauntlet | Found a large runed translucent door.
 10303 | Gauntlet | Found a runed translucent gate.
 10303 | Gauntlet | Found a runed translucent gate.
 10303 | Gauntlet | Found a transporter.
 10305 | Gauntlet | Found a runed translucent door.
 10305 | Gauntlet | Found a runed translucent gate.
 10307 | Gauntlet | Found a transporter.
 10307 | Gauntlet | Found a transporter.
 10309 | Gauntlet | Found a transporter.
 10320 | Gauntlet | Found a transporter.
 10324 | Gauntlet | Found a transporter.
 10340 | Gauntlet | Found a transporter.
 10356 | Gauntlet | Found a transporter.
 10359 | Gauntlet | Found a transporter.
 10365 | Gauntlet | Found a transporter.
 10441 | Gauntlet | Found a large runed translucent door.
 10441 | Gauntlet | Found a large runed translucent door.
 10442 | Gauntlet | Found a large runed translucent door.
 10443 | Gauntlet | Found a large runed translucent door.
 10449 | Gauntlet | Found a large runed translucent door.
 10449 | Gauntlet | Found a large runed translucent door.
 10450 | Gauntlet | Found a large runed translucent door.
 10451 | Gauntlet | Found a large runed translucent door.
 10617 | Gauntlet | Identified the ring "Muhi" {rPois rF+ Will+ Slay+2}
 10619 | Gauntlet | wew
 10673 | Gauntlet | sadly had to leave the scroll behind
 10770 | Gauntlet | HP: 30/157 [minotaur/staff of air (8)]
 10993 | Lair:1   | Identified the orb "Qitodef" {*channel, MP-9 Int+5}
 11049 | Lair:1   | Reached XP level 15. HP: 163/165 MP: 24/24
 11110 | Lair:1   | yes, this is going pretty well
 11110 | Lair:1   | acquirement was a good choice after all
 11264 | Lair:2   | Found a runed translucent door.
 11264 | Lair:2   | Noticed Hegi's ghost (journeyman TrSh)
 11290 | Lair:2   | Killed Hegi's ghost
 11297 | Lair:2   | Reached skill level 15 in Fighting
 11310 | Lair:2   | Reached skill level 5 in Dodging
 11321 | Lair:2   | Reached skill level 18 in Maces & Flails
 11410 | Lair:2   | easy, just kill them before they kill you
 11434 | Lair:2   | Reached skill level 11 in Throwing
 11726 | Lair:2   | Found a hole to the Spider Nest.
 11846 | Lair:3   | Reached ****** piety under the Shining One
 11925 | Lair:3   | Found a staircase to the Shoals.
 12158 | Lair:3   | Reached skill level 6 in Dodging
 12391 | Lair:4   | lmao
 12391 | Lair:4   | you can't be serious
 12421 | Lair:3   | Reached skill level 1 in Evocations
 12473 | Lair:4   | yes, the one with a hydra, 3 yaks and a wyvern immediately
                  | in sight is the safest one
 13009 | Lair:4   | Noticed Nessos
 13016 | Lair:4   | HP: 33/169 [poisoned by Nessos]
 13017 | Lair:4   | Killed Nessos
 13018 | Lair:4   | Reached skill level 16 in Fighting
 13020 | Lair:4   | wew lad
 13208 | Lair:4   | Reached skill level 2 in Evocations
 13485 | Lair:5   | Entered Level 5 of the Lair of Beasts
 13501 | Lair:5   | Found the +4 skin of Zhor {*Englaciate rC+++ SInv}
 13617 | Lair:5   | Reached skill level 19 in Maces & Flails
 13665 | Lair:5   | Reached XP level 16. HP: 179/179 MP: 25/25
 13732 | Lair:5   | Reached skill level 3 in Evocations
 13887 | Lair:5   | Found a viscous altar of Jiyva.
 13887 | Lair:5   | Found a staircase to the Slime Pits.
 14061 | Lair:5   | Found the +8 trishula "Condemnation" {holy, anguish, *Noise
                  | Fly rN+}
 14080 | Lair:5   | Got an earthy gem with 518 turns to spare
 14190 | Spider:1 | Entered Level 1 of the Spider Nest
 14191 | Spider:1 | surely nothing bad will happen
 14192 | Spider:1 | Identified the serpent talisman of the Guardian {rCorr}
 14192 | Spider:1 | Noticed Aizul
 14205 | Lair:2   | i don't know about this...
 14273 | Lair:2   | HP: 35/180 [wolf spider (20)]
 14278 | Lair:2   | HP: 34/180 [poisoned by a wolf spider]
 14293 | Lair:2   | yeah, doesn't look very good
 14581 | Lair:2   | Killed Aizul
 14633 | Spider:1 | Reached skill level 4 in Evocations
 14661 | Spider:1 | "59%"
 14661 | Spider:1 | don't you mean 19%?
 14699 | Lair:2   | Lost the earthy gem through the power of Zot.
 14830 | Lair:2   | HP: 28/180 [wolf spider (11)]
 15077 | Spider:1 | Upgraded the game from 0.32-a0-85-g672eff3212 to
                  | 0.32-a0-119-g2e8054a333
 15112 | Spider:1 | Reached skill level 7 in Dodging
 15134 | Spider:1 | Identified the +0 chain mail "Miuplol" {Str+6 Dex-5}
 15275 | Spider:1 | Found a runed translucent door.
 15610 | Spider:1 | Reached skill level 8 in Dodging
 15612 | Spider:1 | Reached skill level 5 in Evocations
 15808 | Spider:2 | Noticed Arachne
 15837 | Spider:2 | HP: 32/180 [Arachne/poison arrow (15)]
 15839 | Spider:2 | Killed Arachne
 15842 | Spider:2 | HP: 26/180 [poisoned by Arachne (poison arrow)]
 15847 | Spider:2 | HP: 27/180 [poisoned by Arachne (poison arrow)]
 15970 | Spider:2 | Reached skill level 9 in Dodging
 16246 | Spider:2 | Reached XP level 17. HP: 173/189 MP: 26/26
 16316 | Spider:2 | Reached skill level 6 in Evocations
 16771 | Spider:3 | more blinks than teleports
 16812 | Spider:3 | Reached skill level 17 in Fighting
 17080 | Spider:3 | Reached skill level 12 in Throwing
 17521 | Spider:4 | Entered Level 4 of the Spider Nest
 17622 | Spider:4 | Reached skill level 10 in Dodging
 18007 | Spider:4 | Reached skill level 13 in Invocations
 18366 | Spider:4 | summoned orb spider disappears, but the summoned spider's
                  | orb does not
 18366 | Spider:4 | bug or a feature?
 18366 | Spider:4 | no, should be a feature, that's how orbs of destruction
                  | work normally
 18993 | Spider:4 | Reached skill level 18 in Fighting
 19213 | Spider:4 | Reached XP level 18. HP: 194/204 MP: 28/28
 19259 | Spider:4 | Got a gossamer rune of Zot
 19271 | Spider:4 | Identified the scarf of Protective Custody {rC+ rF+, Dex+2}
 19683 | Shoals:1 | Entered Level 1 of the Shoals
 19853 | Lair:5   | Reached skill level 20 in Maces & Flails
 20067 | Shoals:1 | Found a runed translucent gate.
 20067 | Shoals:1 | Found a runed translucent gate.
 20068 | Shoals:1 | Found a runed translucent gate.
 20069 | Shoals:1 | Noticed Jullin's ghost (adept MiBe)
 20070 | Shoals:1 | Noticed Rivaunt's ghost (adept GnRe)
 20086 | Shoals:1 | Killed Rivaunt's ghost
 20100 | Shoals:1 | Killed Jullin's ghost
 20124 | Shoals:1 | Identified a +9 giant spiked club of holy wrath (a +7 giant
                  | spiked club blessed by the Shining One)
 20124 | Shoals:1 | Received a gift from the Shining One
 20157 | Shoals:1 | Reached skill level 13 in Throwing
 20257 | Shoals:1 | Reached skill level 4 in Translocations
 20257 | Shoals:1 | Reached XP level 19. HP: 211/211 MP: 29/29
 20284 | Shoals:1 | Found Gycunwievi's Book Emporium.
 20522 | Shoals:1 | Noticed Nikola
 20531 | Shoals:1 | Noticed Donald
 20533 | Shoals:1 | Killed Nikola
 20538 | Shoals:1 | Killed Donald
 20555 | Shoals:1 | Noticed Frances
 20567 | Shoals:1 | Killed Frances
 20568 | Shoals:1 | Reached skill level 14 in Invocations
 21204 | Shoals:2 | polyphemus
 21329 | Shoals:2 | Noticed Polyphemus
 21346 | Shoals:2 | Killed Polyphemus
 21893 | Shoals:2 | Upgraded the game from 0.32-a0-119-g2e8054a333 to
                  | 0.32-a0-131-g9dbbe29261
 22503 | Shoals:3 | Noticed Ilsuiw
 22514 | Shoals:3 | Killed Ilsuiw
 22521 | Shoals:3 | HP: 41/214 [merfolk impaler/+0 demon trident[Ilsuiw] (10)]
 22525 | Shoals:3 | wait, did they rework TSO summons?
 22525 | Shoals:3 | that's an awfully short duration...
 22528 | Shoals:3 | wait
 22528 | Shoals:3 | is my summoned beast slowed by skin of Zhor?
 22528 | Shoals:3 | yes, yes it is
 22528 | Shoals:3 | what the flying fuck
 22528 | Shoals:3 | "all nearby creatures"
 22528 | Shoals:3 | okay, i guess? i wouldn't call it intuitive though
 23172 | Shoals:3 | Reached skill level 19 in Fighting
 23689 | Shoals:4 | Entered Level 4 of the Shoals
 23889 | Shoals:4 | Reached skill level 21 in Maces & Flails
 23900 | Shoals:4 | Identified the storm talisman of Philately {rC+ rN+ Stlth-}
 23901 | Shoals:4 | huh
 24081 | Shoals:4 | Found Qoerph's General Store.
 24100 | Shoals:4 | Bought a wand of polymorph (3) for 92 gold pieces
 24447 | Shoals:4 | Reached skill level 15 in Invocations
 24589 | Shoals:4 | Reached XP level 20. HP: 189/226 MP: 31/31
 24676 | Shoals:4 | Reached skill level 14 in Throwing
 24687 | Shoals:4 | Got a barnacled rune of Zot
 25249 | Lair:3   | Upgraded the game from 0.32-a0-131-g9dbbe29261 to
                  | 0.32-a0-132-g2d33c3cfaf
 25418 | D:11     | Lost the smoky gem through the power of Zot.
 25529 | Orc:2    | Bought 2 potions of heal wounds for 330 gold pieces
 25529 | Orc:2    | Bought a wand of light (4) for 554 gold pieces
 25792 | D:14     | Found a gate to the Vaults.
 25976 | Vaults:1 | Entered Level 1 of the Vaults
 26387 | Vaults:1 | Got the Atlas of Topology and the Blizzard
 26409 | Vaults:1 | Learned a level 2 spell: Lesser Beckoning
 26870 | Vaults:1 | You fall into a shaft and drop 1 floor!
 27173 | Vaults:1 | Found a large runed translucent door.
 27173 | Vaults:1 | Found a large runed translucent door.
 27173 | Vaults:1 | Found a large runed translucent door.
 27173 | Vaults:1 | Found a large runed translucent door.
 27173 | Vaults:1 | Found a large runed translucent door.
 27173 | Vaults:1 | Found a large runed translucent door.
 27173 | Vaults:1 | Found a large runed translucent door.
 27173 | Vaults:1 | Found a large runed translucent door.
 27173 | Vaults:1 | Noticed nago's ghost (adept DsCA)
 27187 | Vaults:1 | Killed nago's ghost
 27382 | Vaults:2 | Reached skill level 20 in Fighting
 27714 | Vaults:2 | Reached skill level 16 in Invocations
 29003 | Vaults:2 | Reached skill level 15 in Throwing
 29027 | Vaults:2 | Reached XP level 21. HP: 202/239 MP: 33/33
 29335 | Vaults:2 | Noticed Mara
 29606 | Vaults:2 | Noticed Leszczynek's illusion
 29632 | Vaults:2 | Killed Mara
 29670 | Vaults:2 | Reached skill level 7 in Evocations
 29690 | Vaults:2 | Identified the orb of Fortitude {*channel, rF+ rC+ Int-5
                  | Slay+5}
 29690 | Vaults:2 | Noticed Frederick
 29701 | Vaults:2 | HP: 37/239 [Frederick/+1 vampiric eveningstar (42)]
 29702 | Vaults:2 | ow
 29703 | Vaults:2 | Killed Frederick
 29734 | Vaults:2 | honestly this orb is pretty good
 30083 | Vaults:3 | Reached skill level 17 in Invocations
 30088 | Vaults:3 | Reached skill level 21 in Fighting
 30591 | Vaults:3 | Found a staircase to the Crypt.
 30706 | Vaults:3 | Reached skill level 8 in Evocations
 31488 | Vaults:4 | Identified the staff of Peypsula {rPois rF+ rCorr SInv
                  | Fire}
 31489 | Vaults:4 | literal resistance stick
 31497 | Vaults:4 | Reached skill level 16 in Throwing
 32254 | Vaults:4 | Reached XP level 22. HP: 245/254 MP: 34/34
 32262 | Vaults:4 | Found Saxanoi's Assorted Antiques.
 32262 | Vaults:4 | Found Himnerr's Armour Shop.
 32263 | Vaults:4 | Found Viacki's Assorted Antiques.
 32312 | Vaults:4 | Bought a scroll of teleportation for 84 gold pieces
 32312 | Vaults:4 | Bought a scroll of teleportation for 84 gold pieces
 32440 | Vaults:4 | Reached skill level 18 in Invocations
 32576 | Vaults:4 | Reached skill level 22 in Fighting
 33070 | Elf:1    | Entered Level 1 of the Elven Halls
 33071 | Elf:1    | i could also go to crypt i suppose
 33095 | Elf:1    | Found a radiant altar of Vehumet.
 33223 | Elf:1    | Identified the serpent talisman "Wallec" {MP+9}
 33461 | Elf:1    | Reached skill level 9 in Evocations
 33605 | Elf:1    | Reached skill level 5 in Translocations
 33944 | Elf:2    | Paralysed by an air elemental for 1 turns
 33950 | Elf:1    | Paralysed by an air elemental for 1 turns
 34750 | Elf:2    | Reached skill level 19 in Invocations
 34805 | Elf:2    | Found a huge runed translucent gate.
 34805 | Elf:2    | Found a huge runed translucent gate.
 34856 | Elf:2    | Found a huge runed translucent gate.
 34858 | Elf:2    | Found a huge runed translucent gate.
 34858 | Elf:2    | Found a huge runed translucent gate.
 35278 | Elf:2    | Noticed Jorgrun
 35288 | Elf:2    | Killed Jorgrun
 35316 | Elf:2    | Reached skill level 23 in Fighting
 35737 | Elf:2    | Reached skill level 6 in Translocations
 35826 | Elf:3    | Entered Level 3 of the Elven Halls
 36067 | Elf:3    | Reached XP level 23. HP: 237/269 MP: 36/36
 36709 | Elf:3    | Paralysed by an air elemental for 1 turns
 37175 | Elf:3    | Reached skill level 17 in Throwing
 37246 | Elf:3    | Identified the +5 quarterstaff of the Other Side {holy,
                  | Str+2}
 37290 | Elf:3    | Identified the +4 ring mail of Ethics {Harm rPois}
 37347 | Elf:3    | Identified the amulet of Saleoh {RegenMP Regen+}
 37408 | Elf:3    | Paralysed by an air elemental for 1 turns
 37521 | Elf:3    | Identified the +8 spear "Gafokh" {spect, rF++ Will+ Int+3}
 37531 | Elf:3    | Identified the +9 plate armour "Mozeczio" {rF- Str+4}
 37621 | Elf:3    | HP: 31/269 [deep elf sorcerer/bolt of acid (41)]
 37623 | Elf:3    | Reached skill level 20 in Invocations
 37905 | Elf:3    | Identified the +1 glaive of True Grit {drain, Will- rCorr
                  | Str+2}
 37907 | Elf:3    | Identified the staff "Vyoggewo" {rElec rPois Str+5 Dex-3
                  | Alchemy}
 37909 | Elf:3    | Identified the +0 cloak of Responsibility {Str-4 Dex+3
                  | SInv}
 37935 | Elf:3    | Identified the +5 rapier "Worm's Wrath" {spect, rF+ Str+2
                  | Int-3}
 37983 | Elf:3    | Upgraded the game from 0.32-a0-132-g2d33c3cfaf to
                  | 0.32-a0-135-g14f8b2e1af
 38254 | Crypt:1  | Entered Level 1 of the Crypt
 38588 | Crypt:1  | Reached skill level 10 in Evocations
 38592 | Crypt:1  | Reached skill level 7 in Translocations
 39140 | Crypt:2  | Noticed Zenata
 39154 | Crypt:2  | HP: 54/271 [+2 heavy trident[Zenata] (19)]
 39154 | Crypt:2  | HP: 8/271 [+1 long sword of holy wrath[Zenata] (20)]
 39155 | Crypt:2  | Killed Zenata
 39156 | Crypt:2  | Reached skill level 24 in Fighting
 39166 | Crypt:2  | well that was retarded
 39604 | Crypt:2  | Noticed Boris
 39610 | Crypt:2  | Killed Boris
 39933 | Crypt:2  | Found a huge runed translucent gate.
 39933 | Crypt:2  | Found a huge runed translucent gate.
 39934 | Crypt:2  | Found a huge runed translucent gate.
 39934 | Crypt:2  | Found a huge runed translucent gate.
 39934 | Crypt:2  | Found a huge runed translucent gate.
 39934 | Crypt:2  | Found a huge runed translucent gate.
 39935 | Crypt:2  | Found a huge runed translucent gate.
 39935 | Crypt:2  | Found a huge runed translucent gate.
 39935 | Crypt:2  | Found a huge runed translucent gate.
 39936 | Crypt:2  | Identified the +5 quarterstaff of the Lurker {freeze, rN+}
 39948 | Crypt:2  | the fcuk is this
 39950 | Crypt:2  | oh okay there was an artifact inside
 39973 | Crypt:3  | Entered Level 3 of the Crypt
 40385 | Crypt:3  | HP: 42/274 [??? (21)]
 40775 | Crypt:3  | Identified the +4 battleaxe of Extermination {vamp, rCorr}
 40859 | Crypt:3  | Identified the +5 plate armour "Sulocw" {Dex+2}
 41010 | Crypt:3  | Identified the staff of Quick Death {rF+ Dex+3 Fire
                  | Alchemy}
 41010 | Crypt:3  | Identified the death talisman "Kuinytan" {*Corrode Int+6
                  | Dex-3 Slay+5}
 41035 | Crypt:3  | Reached XP level 24. HP: 267/283 MP: 37/37
 41133 | Crypt:3  | Found an ancient bone altar of Kikubaaqudgha.
 41204 | Crypt:3  | Reached skill level 21 in Invocations
 41209 | Crypt:3  | Reached skill level 8 in Translocations
 41325 | Crypt:3  | Noticed a dread lich
 41325 | Crypt:3  | Found the +1 robe of Vines {NoPotionHeal Regen++++}
 41332 | Crypt:3  | Killed a dread lich
 41335 | Crypt:3  | one hit
 41342 | Crypt:3  | >robe of vines
 41342 | Crypt:3  | oh boyyyyyyyyyy
 41349 | Crypt:3  | Identified the amulet of the Tick {Regen+ Dex+5}
 41349 | Crypt:3  | Identified the ring "Vorar" {rElec rN+}
 41349 | Crypt:3  | Identified the ring "Nyask" {Fly rN+ SInv}
 41355 | Crypt:3  | Identified the ring "Jyjiqeub" {Will+ rCorr Str-3 Dex+4
                  | Slay+2}
 41374 | Crypt:3  | Identified the ring of Sohocy {Int+6 Dex+3 Stlth+}
 41382 | Crypt:3  | Got the Anthology of Invitation
 41436 | Crypt:3  | Learned a level 4 spell: Dimensional Bullseye
 41441 | Crypt:3  | Learned a level 4 spell: Manifold Assault
 41573 | Crypt:3  | Found a staircase to the Tomb.
 41755 | Tomb:1   | Entered Level 1 of the Tomb of the Ancients
 41764 | Tomb:1   | Noticed Boris
 41773 | Tomb:1   | Killed Boris
 41846 | Tomb:1   | Reached skill level 2 in Spellcasting
 41846 | Tomb:1   | Reached skill level 1 in Hexes
 41887 | Tomb:1   | i mean regaining 7 hp per turn is fun
 41887 | Tomb:1   | but i really don't think this character is strong enough
 41887 | Tomb:1   | so let's just do zot and see what happens
 42222 | Depths:1 | Entered Level 1 of the Depths
 42357 | Depths:1 | Found an opulent altar of Gozag.
 42421 | Depths:1 | HP: 45/284 [deep troll earth mage (21)]
 42506 | Depths:1 | Reached skill level 2 in Hexes
 42513 | Depths:1 | Reached skill level 3 in Spellcasting
 42552 | Depths:1 | Found a gateway to Hell.
 42784 | Depths:1 | Found Vocvuj's Book Boutique.
 42844 | Depths:1 | Got the Precepts of the Wendigo and Venin
 42892 | Depths:1 | Found a one-way gate leading to the halls of Pandemonium.
 42900 | Depths:1 | Reached skill level 11 in Evocations
 43069 | Depths:1 | Learned a level 4 spell: Passage of Golubria
 43109 | Depths:2 | Reached skill level 18 in Throwing
 43115 | Depths:2 | Reached skill level 3 in Hexes
 43133 | Depths:2 | Reached skill level 4 in Spellcasting
 43422 | Depths:2 | Found a one-way gateway to a ziggurat.
 43448 | Depths:2 | Reached skill level 22 in Invocations
 43499 | Depths:2 | Found Lisexostog's Distillery.
 43507 | Depths:2 | Bought a potion of heal wounds for 105 gold pieces
 43507 | Depths:2 | Bought a potion of heal wounds for 105 gold pieces
 43507 | Depths:2 | Bought a potion of resistance for 210 gold pieces
 43588 | Depths:2 | Found a blossoming altar of Fedhas.
 43666 | Depths:2 | Identified the +8 mace "No More Talking" {antimagic, Int+3
                  | Dex+2}
 43730 | Depths:2 | Reached skill level 5 in Spellcasting
 43734 | Depths:2 | Reached XP level 25. HP: 245/292 MP: 38/38
 43755 | Depths:2 | Reached skill level 4 in Hexes
 44189 | Depths:3 | Found Oferaet's Armour Emporium.
 44324 | Depths:3 | Noticed a juggernaut
 44341 | Depths:3 | Killed a juggernaut
 44420 | Depths:3 | Reached skill level 11 in Dodging
 44496 | Depths:3 | Reached skill level 6 in Spellcasting
 44553 | Depths:3 | Found the +3 Elemental Staff {ele, rElec rF+ rC+ AC+3}
 44581 | Depths:3 | Reached skill level 5 in Hexes
 44719 | Depths:3 | Identified the staff of the Known World {rC+ Str+2 Int+3
                  | Ice}
 44855 | Depths:3 | Found a runed translucent door.
 44869 | Depths:3 | Noticed Ybboohyv's ghost (adept HOMo)
 44877 | Depths:3 | Killed Ybboohyv's ghost
 44925 | Depths:3 | Found Tiala's Magic Scroll Shop.
 44928 | Depths:3 | Bought a scroll of enchant weapon for 105 gold pieces
 44928 | Depths:3 | Bought a scroll of blinking for 105 gold pieces
 44928 | Depths:3 | Bought a scroll of enchant weapon for 105 gold pieces
 44928 | Depths:3 | Bought a scroll of teleportation for 42 gold pieces
 44928 | Depths:3 | Bought 3 scrolls of enchant weapon for 315 gold pieces
 44928 | Depths:3 | Bought a scroll of fog for 56 gold pieces
 44928 | Depths:3 | Bought a scroll of teleportation for 42 gold pieces
 45192 | Depths:3 | Found Eddonato's Book Emporium.
 45202 | Depths:3 | Reached skill level 6 in Hexes
 45245 | Depths:3 | Found a one-way gate to the infinite horrors of the Abyss.
 45248 | Depths:3 | Reached skill level 7 in Spellcasting
 45315 | Depths:4 | Entered Level 4 of the Depths
 45389 | Depths:4 | Noticed a juggernaut
 45398 | Depths:4 | Killed a juggernaut
 45399 | Depths:4 | Reached skill level 9 in Translocations
 45512 | Depths:4 | Noticed Grunn
 45522 | Depths:4 | Killed Grunn
 45523 | Depths:4 | Reached skill level 7 in Hexes
 45571 | Depths:4 | Noticed Boris
 45576 | Depths:4 | Killed Boris
 45660 | Depths:4 | Reached skill level 8 in Spellcasting
 45687 | Depths:4 | Reached skill level 8 in Hexes
 45719 | Depths:4 | Found a gate to the Realm of Zot.
 45798 | Depths:4 | Reached XP level 26. HP: 183/304 MP: 28/38
 46022 | Depths:4 | Noticed a juggernaut
 46028 | Depths:4 | Killed a juggernaut
 46117 | Depths:4 | Reached skill level 25 in Fighting
 46461 | Vaults:5 | Entered Level 5 of the Vaults
 46477 | Vaults:5 | Reached skill level 23 in Invocations
 46488 | Vaults:5 | HP: 54/305 [frost giant/+2 battleaxe of freezing (32)]
 46494 | Vaults:5 | Reached skill level 22 in Maces & Flails
 46624 | Vaults:5 | Reached skill level 12 in Evocations
 46629 | Vaults:5 | Noticed an ancient lich
 46635 | Vaults:5 | Killed an ancient lich
 46875 | Vaults:5 | Got Sif Muna's Vademecum on the Pyromaniac and Bodies
 46996 | Vaults:5 | Noticed an ancient lich
 47006 | Vaults:5 | Killed an ancient lich
 47007 | Vaults:5 | Reached skill level 19 in Throwing
 47060 | Vaults:5 | Found the +7 captain's cutlass {speed, disarm}
 47062 | Vaults:5 | Reached skill level 12 in Dodging
 47174 | Vaults:5 | Got a silver rune of Zot
 47477 | Vaults:5 | Found Doshaof's General Store.
 47491 | Vaults:5 | Acquired a +0 spectral giant club
 47496 | Vaults:5 | Bought a scroll of acquirement for 1196 gold pieces
 47496 | Vaults:5 | Bought a wand of mindburst (5) for 161 gold pieces
 47496 | Vaults:5 | Bought a scroll of blinking for 172 gold pieces
 47499 | Vaults:5 | Acquired 528 gold pieces
 47629 | Vaults:5 | Identified the +2 hand axe "Jiaqil Udae" {vamp, rElec rC+++
                  | Str+3 Dex-4}
 48044 | Slime:1  | Entered Level 1 of the Pits of Slime
 48067 | Slime:2  | Gained mutation: You are vulnerable to cold. (rC-) [a
                  | shining eye]
 48195 | Slime:2  | Gained mutation: You are dopey. (Int -2) [a shining eye]
 48204 | Slime:2  | Reached XP level 27. HP: 305/317 MP: 36/38
 48365 | Slime:5  | Entered Level 5 of the Pits of Slime
 48567 | Slime:5  | Found the +8 whip "Snakebite" {venom, curare, rPois}
 48568 | Slime:5  | Found the +13 scythe of Curses {drain, curses, ^Drain}
 48625 | Slime:5  | Found a viscous altar of Jiyva.
 48669 | Slime:5  | Reached skill level 26 in Fighting
 48682 | Slime:5  | Noticed the Royal Jelly
 48690 | Slime:5  | Killed the Royal Jelly
 48693 | Slime:5  | this is really way easier than it should be
 48693 | Slime:5  | with this spell
 48880 | Slime:5  | Identified the +5 lajatang "Beastslayer" {heavy, rN++ Str-5
                  | Int+4}
 48916 | Slime:5  | Identified the +5 plate armour of Xom's Scorn {Slay+5 SInv}
 49023 | Slime:5  | Got the Collected Works on the Wyrd
 49025 | Slime:5  | Got a slimy rune of Zot
 49034 | Slime:5  | Identified the +9 scimitar "Widowmaker" {drain, rC+ Str+5
                  | Int+7}
 49478 | D:1      | Bought a potion of berserk rage for 50 gold pieces
 49478 | D:1      | Bought a potion of mutation for 80 gold pieces
 49478 | D:1      | Bought a potion of berserk rage for 50 gold pieces
 49478 | D:1      | Bought a potion of ambrosia for 80 gold pieces
 49478 | D:1      | Bought a potion of curing for 30 gold pieces
 49480 | D:1      | Lost mutation: You are dopey. (Int -2) [potion of mutation]
 49480 | D:1      | Lost mutation: You are vulnerable to cold. (rC-) [potion of
                  | mutation]
 49480 | D:1      | Gained mutation: You are clumsy. (Dex -2) [potion of
                  | mutation]
 49480 | D:1      | Gained mutation: You passively map a small area around you.
                  | [potion of mutation]
 49480 | D:1      | Gained mutation: Your system is resistant to poisons.
                  | (rPois) [potion of mutation]
 49765 | Depths:1 | absurdly stupid idea
 49765 | Depths:1 | going into pandemonium
 49765 | Depths:1 | i mean winning an unwon wanderer takes priority
 49832 | Zot:1    | Entered Level 1 of the Realm of Zot
 49978 | Zot:2    | Reached skill level 13 in Evocations
 49981 | Zot:2    | Reached skill level 24 in Invocations
 50012 | Zot:2    | Reached skill level 13 in Dodging
 50044 | Zot:2    | Reached skill level 1 in Earth Magic
 50056 | Zot:2    | Learned a level 3 spell: Passwall
 50068 | Zot:3    | get fucked nerds
 50074 | Zot:4    | Reached skill level 2 in Earth Magic
 50111 | Zot:4    | Reached skill level 3 in Earth Magic
 50188 | Zot:4    | Reached skill level 4 in Earth Magic
 50296 | Zot:5    | Entered Level 5 of the Realm of Zot
 50348 | Zot:5    | Reached skill level 5 in Earth Magic
 50532 | Zot:5    | Reached skill level 6 in Earth Magic
 50553 | Zot:5    | Acquired a +6 spectral giant club
 50724 | Zot:5    | Reached skill level 7 in Earth Magic
 50728 | Zot:5    | Got a prismatic gem with 119 turns to spare
 50803 | Zot:5    | Noticed a dread lich
 50806 | Zot:5    | Noticed an orb of fire
 50818 | Zot:5    | Killed an orb of fire
 50820 | Zot:5    | Reached skill level 8 in Earth Magic
 50823 | Zot:5    | Killed a dread lich
 50868 | Zot:5    | Lost the prismatic gem through the power of Zot.
 50896 | Zot:5    | Noticed an orb of fire
 50905 | Zot:5    | Killed an orb of fire
 50906 | Zot:5    | Reached skill level 9 in Earth Magic
 50930 | Zot:5    | Noticed an ancient lich
 50934 | Zot:5    | Killed an ancient lich
 50975 | Zot:5    | Identified the +0 ring mail "Uhonass" {rN+ Will+}
 50994 | Zot:5    | Noticed a dread lich
 50999 | Zot:5    | Killed a dread lich
 51234 | Zot:5    | Reached skill level 25 in Invocations
 51542 | Zot:5    | Got the Orb of Zot
 51647 | Zot:4    | Reached skill level 26 in Invocations
 51650 | Zot:3    | Noticed Pyibreipn the pandemonium lord
 51651 | Zot:3    | lmao get fucked nerd
 51683 | Zot:2    | Noticed Tieb the pandemonium lord
 51753 | Depths:2 | Noticed Rahust the pandemonium lord
 51875 | D:9      | Noticed Yturchoq the pandemonium lord
 51881 | D:9      | Killed Yturchoq the pandemonium lord
 51917 | D:7      | Noticed Orhod the pandemonium lord
 51923 | D:7      | Killed Orhod the pandemonium lord
 51957 | D:5      | Noticed Riheum the pandemonium lord
 51971 | D:5      | Killed Riheum the pandemonium lord
 52122 | D:$      | Escaped with the Orb!

Illustrated notes # ...... .## ...... #####♣.# ...... ##...##.# .....J #.♣.♣.#.# #..<..'.# #.♣.♣.#.# ##...##.# #####♣@# ......h## ####### Turn 1250 on D:4: uh .## #####♣.# ##...##.# #.♣.♣.#.# #..<..'.# #.♣.♣.#.# # ##...##.# #.♣#####♣.# #.@.....## ######### Turn 1262 on D:4: 21 str doing work i guess ##.#.#....#.8.#......# .......#...#.....##### .#.#.#~~~~...<...# ~#.#..~##~~####.## ~~~~~~~~##~~###.## ###########~~~~~~#### .#~.#.~.#.######~~~~## #..#.#.#.#.....####~~# .#..~.#.~.#..#..@.##~# #.#..#.#.#.#....###~~# ..~#..~.#.~.#####~~~##..# #############~~~~~........ ~~~~~# ~~~~~~~........#### ~..~# #...##.######.# .# ~.....##.......... .# #.....##..#####.### .## #.....##..#...# # Turn 2099 on D:5: eh ..... #. #....##...#.... ......#.###.............. ....!...#.....<##........ #..... #...............#. ...∩..##..##...##........ .......#....)###......... .......#................. . #.$.................. .#...@yD.#......#.)... .......yy..###).......). ....##.....†##).......... ... #.............#...... ...##.........<...####... # ............##....##.## .#...##....###...##### ##.. ##.### ##.## ## ### ### Turn 4330 on D:9: feels really bad to waste ?summoning ##.. #.#### . .. #..#####....##. ..... #. #....##...#.... ......#.###.Y............ ....!...#.....<##........ #..... #...............#. ...∩..##..##...##........ .......#....)###......... .......#@y............... . #.$y.D............... .#.......#......#.)... ...........###).......). ....##.....†##).......... ... #.............#...... ...##.........<...####... # ............##....##.## .#...##....###...##### Turn 4332 on D:9: so it's not really a waste of a scroll ...####.......# ..............# ..##.#.......# ##....#....## #.....#....# ##....##.#.#### ##.#.##......# #.#.####.##.# #.#.. ...##@# ##'#########.# ##...## #.# ##.....## #.. ##.......# #!# ##.........# ... †..........+ .@W #..........# ..W #.#.......## Turn 5454 on D:10: crap #####.##.# #.##.# ### #.##'## .^# #+#...# ### #.# ##..#...# .$# ##.# ##...#...## DC.# .#.# ##....#....##yO ...###.....##...### .....'.....##...@### ...###.....###.....#### ...# ##....# ##.......# #### ##...# ##......+ ##..# ###....# ##'# ###### #.# #.####### ##.......# Turn 5567 on D:10: mh .$..... . ......h .$ ....... ... ...h..o .... ...o... .....########o...... .......)@#.......... .......))$..K.$..... .................... ................#$<. #..............## . ###.............# #...........### ##..........# ##.......### Turn 6665 on Orc:2: oh, this guy ..##....##..#.......... #...#.................. ........................ ........................ .........#.............. ......................#. #..8.#...............#. ....................#. ..8.#...@..$........ .....8.............. ..##.............#. ................ .....#........$... 8................. ....#............. ....#............. Turn 7075 on Orc:2: the fuck is this #####.#..#..####.###........# ......#.#..# #.# #.#......# .>....#...# #.###.#......# .........#######............##### ........###.........###.#.#.....# ............####.#### #.#.#####.# ...>.............# #.#....##.# .......#..######.# ##...._....# ...........####.@#####..._..._... .......###.^^.#.................. .......# #.._....######._..⌠.._.. ######.###....#..# #.......... #..##......########._..._.## ##.###...........†........# #...............###....### ##..............# #....# #.........##...# ###### Turn 8085 on D:3: maybe i should have bought that rpois ring instead . #...# ## .# #...# #.. #. #...# ...#.##### #...# ..#.....# #...# #.#.#).# #...# #...#.# #...# #.@...####...###### #>..#.+............ ####)####......)<.. +.#..⌠#...†###### #.....#.##.# #.#...#....# #..#.#.#.#.# #.....#....# #####.#....# Turn 9100 on D:15: gotcha ###.........#..#....... #.. .##.........#..#.....# #.. .##.........'..#.....### +.. .####'##...##........... #.. .#.....+..####.....#### #+ .#.....#..##...^.....##.# .#.....#..#...P.......#.##. .)...#.#................... .#...#.#........@.......... .#...#.#................... .#.....####...........######### .####### ##.........##.. ..#.### .# ###.....####.# #.#.... .# #[##..#...#.# #.#.... .# #.###.#...#.# #.#.... .# #.....#...#.###.#.... #############.....#####.....##### Turn 10203 on D:11: oh, you can lose acquired gems ..#.©.#..#...#..#...#. .#Y..#.#...#...#.#.....# ..#..Y.#....#...##....zzz #..###########...######### #.....#.©.#....≈..§.#.©.#. #...ß.#...#...§ß≈.§.#...#. #.....#.©.#....≈....#.©.#. ###..###########...######### ß#..#...)©@|..#...#[.#.©$.. #..#..##.##..#...#...#.... #..#.#..#..#.#...#...#.... ###..#.#..#..#.#...#....#.## #ß#..#.)#####..#...#...###.. ###..#.#.©#..#.#...#.##.#©.. #..#.#))#..#.#...##....#.. ##..#..##.##..#...#.....#.Z ß#..#.........#...#......#B Turn 10619 on Gauntlet: wew ## .. ##. .. #.# #.# #.# #####.###.###.##### #≈.....@.........§# # #ß.ß.ß..©.©..ß.ß.ß# ### #ß #§...............≈# #ß# ############################## #≈............≈∩≈............≈ #............................. #..###########...###########.. ..#?.#.©Y#)Y#...##z[z©!..##.. ..##..#.#..##...#.#.....#.#.. Turn 10673 on Gauntlet: sadly had to leave the scroll behind #. # ### .# ..#... .P #..... .### ....# ..# ##... ### #.### #....###.####.#.###### #.#.P.+@................ ....P...####.#..#P.#.#.. ## .#....#### ####.######## ###...##..##..## ##.# .....##........#######..##### +##.#.......................P# .................#..........# .......#........#...........#### .......#..>.....#..............# Turn 11110 on Lair:1: yes, this is going pretty well # .... ##. ..... #.# ...... #.###### ...... #...##.####.Y.P.. .. #....P...#.#...#. ..##########........Y....... ............@......†....# ...............##.##...## ...............#####...# ...............# ....# .............### #....# .............# ##...# .........##.## ...# ............# .... .......###†## ##.#... Turn 11410 on Lair:2: easy, just kill them before they kill you .. ##..###. . .# ...... #.#..YY..Y. ## ....#.Y.. ..# #......##F#./ ..#....F.Y.Y.#. .#...ß.YFß..... ..Y...$@.k.Y... .#...ß...ß.F..Y ##............ #:.#...#..... ...Y..###....# #.#..Y......### # # ..Y...# # P....#..#. #...##..Y## Turn 12391 on Lair:4: lmao .........# #.....D..# #..k.....# .#........# #.........## #P........P# ..........## #......@...# ##..........# ...........Y... #.........Y.... .........Y..... #..........###. #.........## .....#....# Turn 12473 on Lair:4: yes, the one with a hydra, 3 yaks and a wyvern immediately in sight is the safest one # ##...# #...# P....#Y.#. # #....###... #...##..Y# #....##...## ..# ....YYYl.. # ##...##...# ..### #ß...###.#........ #.#..........###...^.###..P...... .......#....#.###.^^..#..#......# #.#...##.#.#### ##...^#####.#..## ....#####.## ####^.^^^# #.....÷÷ #.#.#. ########..###.^^####.#..## ....... ...........##^.^##..#...# #.#.... ##~#~#P.....##......##... .#.######.~~~........#....###.... Turn 14293 on Lair:2: yeah, doesn't look very good ....................... .........s..s........... .................!....... .......................... ........................... ............................ #........................... .............sss............ ....^........s@s............ )........................... ........................... .......................... #....#.............^.... .... ##................. #.# #...^...<.......... ##......†.......... #.........#........ Turn 14661 on Spider:1: "59%" ##......##...... ###.........## ##.. #......###.### ...# ###...####...###.... #.>.# #..#.....#### #..## #.####......# ##.# ##.###.......# #.## #.##.........# ##.# ##.#....@.....# #.^# #............## #^####............# #.###............## ###...#.........#... #.............##... #.....######### #.. #......# .. ##....## Turn 16771 on Spider:3: more blinks than teleports #........#...###~.s## . ##^...#.###...###(.## .###..### ##^.# #..(### .# #### #..####...~## ## #...# ##.^.~# #...# ##††.~## #^..###†##†..# #...'...##..^# #...'@°.^~..~# #...'..○...^## #...###§....# #...# ##~...~# #^††# ##.~..# #..## ###..# #..# .~# #..# ~## #### Turn 18366 on Spider:4: summoned orb spider disappears, but the summoned spider's orb does not ≈≈~~~~..~~~~~~~~~~~≈≈≈≈ ≈≈~~~~~~~~...~~~~~~~~≈≈≈ ≈~~~..~~~..##.~~~~~~~~≈≈≈ ~~~~~~~~~.###~~~~~~~~~≈≈≈≈ ~~~~~~~...>.~~~~~~~~~~≈≈≈≈ ~...~~~....~~~~~~~~~~~~≈≈≈ ~~~~~~..)).~~~>.~~~~~~~≈≈~ ≈~~~~~..##....)..~~~~~~≈≈~ ~~~~~~)##.†.....@~~~~~~≈~~ ~~~.~~...~~...##.~~~~~~~~~ ~~.~~~~..~~..##.~~~~~~~~~~ ~~~≈~~~~~~..)..~~~~~~~~~~~ ≈≈≈~~~~~....##.~~~~~~~~~.. ≈≈≈~~..........~~~~~~~~... ≈≈≈~~......~...~~~≈~~~~... ≈≈≈~~..###.~~~~~~~~~~~~YY~ ≈≈≈~~..# #.~~~~~~~≈≈≈~~~~~ Turn 21204 on Shoals:2: polyphemus ≈≈~.~.....# #######..~~~≈ ≈≈≈~~~~....###..#......~~≈ ≈≈≈≈~~....~~.~~~........≈≈ ≈≈≈≈~~.#..~..~~≈~~~..#..~~ ≈≈≈≈~~##.....~~~~~~.....~~ ≈≈≈≈≈~.##..~~~~~~~~....~~~ ≈≈≈≈≈~~~~..~~~~~~~~~.....~ ≈≈≈~~~~~~)).~~~~~~~......~ ≈≈≈~~~~m.@...~~~~~~....... ≈≈~~~~)####H.~~~~~~~...... ~~~~~.. #..~~~~~~....~~~ ~.~≈... #..~~~~~~~~~..~~ ≈..~... #..:.~~~~~~~~~~~ ≈≈m.... .....~~~~~~~~~~~ ≈≈≈~... ...~..~~~~~≈~~≈≈ ≈~..≈≈≈ ~........~~~≈≈≈≈≈ , ≈.##...~~~ Turn 22525 on Shoals:3: wait, did they rework TSO summons? ≈≈~.~.....# #######..~~~ ≈≈≈~~~~....###..#......~~ ≈≈≈≈~~....~~.~~~........≈ ≈≈≈≈~~.#..~..~~≈~~~..#..~ ≈≈≈≈~~##.....~~~~~~.....~ ≈≈≈≈≈~.##.~~~~~~~~~....~~ ≈≈≈≈≈~~~~..~~~~~~~~~..... ≈≈≈~~~~~~)).~~~~~~~...... ≈≈≈~~~~)@H...~~~~~~...... ≈≈~~~~)####).~~~~~~~..... ~~~~~.. #..~~~~~~....~~ ~~~≈~.. #..~~~~~~~~~..~ ≈~~~... #..:.~~~~~~~~~~ ≈≈~.... .....~~~~~~~~~~ ≈≈≈~... ...~..~~~~~≈~~≈ ≈~..≈≈≈ ~........~~~≈≈≈≈ , ≈.##...~~~ Turn 22528 on Shoals:3: wait .~~~~~............#~~#≈≈≈≈≈ ..~~~~~............~~~≈≈≈≈≈ ..~~~~~~).......)..~~≈≈≈≈≈≈ ~~~~~~~~~~~##.#~#..~≈≈≈≈≈≈≈ ~~~~~~~~~~#######..~≈≈≈≈≈≈≈ ~~~~~~~~###.#~~.###.≈≈≈≈≈≈≈ ~~~~~~~~~#~~.≈...#..≈≈≈≈≈≈≈ ~≈~~~~~~###.#.#.~#..≈≈≈≈≈≈≈ ~≈≈~~~~~##~≈.@.≈.#..≈≈≈≈≈≈≈ ~≈≈~~...###.#.#..##.≈≈≈≈≈≈≈ ≈≈≈≈~...##...≈...##.≈≈≈≈≈≈≈ ~~≈~....###.###..##.≈≈≈≈≈≈≈ ~~....... ## ###.)~~≈≈≈≈≈≈ #...~~~≈≈≈≈≈ .......~~~≈≈≈≈ ..........~~~≈≈≈ ............~~≈≈≈ Turn 23901 on Shoals:4: huh #.#≈≈#.# #......# #.#≈§#.# #......# #.#§§#.# #......# #.####.# #......# #....A.# #......# ####'#######......####### .....................(.(. ..................A...... ................@@.(.p... ............<...........###### ..................9.....##...# ........................##.#.# .....................#####...# #####................######'##### ....[...†............##.........# .[..#................##.#.....#.# ....#............# #.........# Turn 29702 on Vaults:2: ow #≈≈#.# #......# #≈§#.# #......# #§§#.# #......# ####.# #......# ...A.# #......# ##'#######......############# ............................. ............................. ...............A@............ ..........<...........####### ......................##...# ......................##.#.# ...................#####...# ###................######'##### ..[...†............##.........# ..#................##.#.....#.# ..#............######.........# Turn 29734 on Vaults:2: honestly this orb is pretty good ###+#+##### #........@# #.........# #.........+ #.........# #.........# +.........# #.........# #.........# #.........# Turn 31489 on Vaults:4: literal resistance stick ##### #...#####. #.@....... #....##### #....... #...##### ##### Turn 33071 on Elf:1: i could also go to crypt i suppose #...........'.....# ##..........#..#### ##<........#..# ##.......##..# ##.....###..# ####### #..# #..# #..# #)@# #..# #..# #..# #... ###.# .. ..# ... Turn 39166 on Crypt:2: well that was retarded ....#..#####...#.)#...#..######.. ....#..##.#....#V.#####..# ##. ...##..###....V#V######''## #. ..###..##....VV###........## ##. ### #..#....V++#...........####.. #..#.#..++.............+..... #..#....+..............+..... #).#.#..++............#####.. #..#.....++#@....(...## #... #..##....VV###......## #... #..###.....#V##....## #..# #...#.#....#..#...## #..# ###.####...#..#..## #####..# #..# .#..#..#### ##.⌠.##.# #..#### ')## #.....#.# #.....###### #⌠.<.⌠#. #######.......... #.....# Turn 39948 on Crypt:2: the fcuk is this ......'.....### '[##............ ......'.....#.#..#..#...#..##.... ......#..#####...#.)#...#..###### ......#..##.#....#V.#####..# # .....##..###....V#V######''## ....###..##....VV###........## # ##### #..#....V++#...........#### #..#.#..++.............+... #..#....+.@............+... #).#.#..++............##### #..#.....++#.....(...## #. #..##....VV###......## #. #..###....V#V##....## #. #...#.#....#..#...## #. ###.####...#..#..## #####. #..# .#..#..#### ##.⌠.## #..#####.')## #.....# Turn 39950 on Crypt:2: oh okay there was an artifact inside ♣♣...♣..♣.....#(..'.......'...#.. ♣..♣..♣.......#..###########.[#.. .♣....♣......##### ... #####. ...♣.........#.... ![[| #. ♣..♣........###..# ["=⌠: ## ....♣.......###..##.$)[= ## .♣...........#.......... #. ....###.♣....#......# #. .♣.......P..# ##@## ## .#....#...♣.###..)# # .#.##.#.... #..### #. .......... #..# #P .......P.♣ ##.####.. ..## ## .##############.#⌠#... ...# # ##....'.........#.'...#...+ P#....########### #.......# ##....# #33##... #.....# Turn 41335 on Crypt:3: one hit

♣ ♣♣♣♣♣ ♣♣♣♣♣♣♣##.### ♣♣
♣♣♣♣♣♣.♣.♣♣♣ ♣♣♣♣♣......#..#..
.♣♣♣.♣....P...♣♣♣.♣♣..♣.♣........
.P.....♣.♣...♣♣...♣.......♣.###..
...♣....#####...♣...#####........
..♣.....#(..'.......'...#........
♣.......#..###########.[#........
♣......######.......######.......
.......#......![@|!..... #.P.♣...
......###..##["=⌠:([##.. ##.P..P#
......###..##.$)[=$.## ##....#.
.......#................ #...#..#
#.♣....#......#####..... #......#
...P..####'#### ###+# ##..##.#
#...♣.###..)# #..#... #....
#..### #....... .... #..#
#P......


Turn 41342 on Crypt:3: >robe of vines #...[......# #..........# #..........#
#..........# #..........# #..........# #..........# #..........# #..@.......#
#..........# #..........# #..........# #..........# #..........# #..........#
#..........# #..?.......# Turn 41887 on Tomb:1: i mean regaining 7 hp per turn
is fun .......... .............. .......................J(J
.....................J.J.J ....................JJJJJ. .......... ....#.....JJJ.(
................#........J .......#.....#...#....J# . ....#######..##.##..######
...#.#??(#....))@J...#)|)#. ..#..#(=$...##|$=##...$)[#.
...#.#$!?#....)/$....#!?(#. ....#######..##.##..####.#
.......#.....#...#.....#.. ......#.#.......#.....#.#..
.....#...#.....#.....#...#. .....#####..##.####..#####
.....#/)$#.#.#)=|#.#.#$)(# Turn 48693 on Slime:5: this is really way easier than
it should be #.#.#.#+...+#......###.# '#.#.#.#.....#...#####.#
..#.#.#....[...........# ..'#+#.#...########'#..# ..#...#'...+, .##.# *#
'#'...'#...######.#.# #.#...#.#+.##...#.#.# .#.#'#.#.#.#.##...#.#
.'#.#.#.#'.#.#..@##.# .#.#.#.#.#.#.#.#...## ..#.#.#.#..#.#.##### #
'#.#.#.#.#.#.## , .# #.#.#.#.#..#'########.# ####.#.#.#............#
...##.#.#.#.#....#...## ....##.#.#'#'....#'########
##..#.#..)................### Turn 49765 on Depths:1: absurdly stupid idea #....
, #.... , #...# , #...# ** #.dq#### #ddd...# #####..# ##@<#..# * ######## * *
#...## **.....#* , * ......., , ..#....... , * . #..##..., , * ,,.#. ...#. ,
Turn 50068 on Zot:3: get fucked nerds #.... , #.... , #...# , #...# ** #..d####
#dqd...# #####d.# ##>@#..# * ######## * * #...## **.....#* , * ......., ,
..#...3.&. , * . #..##..., , * ,,.#. ...#. , Turn 51651 on Zot:3: lmao get
fucked nerd

Levels and vault maps discovered:
D:1:      sevenhm_arrival_forest_fort_small_4, layout_rooms, serial_shops, shop
D:2:      layout_loops_corners
D:3:      minmay_diamond_boxcup, layout_rooms, grunt_temple_overflow_open,
          ebering_ecumenical_altar_webs, serial_shops, nicolae_square_shop,
          nicolae_shop_temple_entry_statues_fountains, shop, shop, uniq_terence
D:4:      layout_basic, grunt_ministairs_11, uniq_blork_the_orc
D:5:      layout_basic, minmay_temple_entry_statues_pillars,
          chequers_serial_rivers_micro_c, minmay_manual_mullet
D:6:      layout_cave_pods, uniq_pikel
D:7:      layout_loops_cross
D:8:      layout_basic
D:9:      layout_cave_pools, serial_demonic, serial_demonic_a, serial_demonic_d,
          serial_demonic_d, serial_demonic_e, serial_demonic_b, serial_demonic_b
D:10:     layout_loops_corners, serial_shops, kennysheep_mini_moat,
          lightli_corner_chamber, uniq_josephine
D:11:     layout_stronghold, erik_lair_orcish_takeover, uniq_harold
D:12:     layout_basic, orc_0_dummy, nicolae_diode_intersection
D:13:     layout_roguey, serial_corexii_hall, chequers_hall_statues_y,
          corexii_hall_statues_x
D:14:     layout_rooms, ximxim_vaults_locker_room, reono_crystal_passage,
          nzn_ghost_randoct
D:15:     hangedman_depths_entry_civil_slaughter, layout_long_grid,
          minmay_tree_intersection
Lair:1:   layout_roguey, gauntlet_entry_generic, chequers_serial_rivers_room_a,
          st_stairs_5
Lair:2:   lemuel_slime, layout_cave_pods, spider_nest_entry_funnel_web,
          hellmonk_ghost_happy_afterlife, st_stairs_9,
          infiniplex_staircase_pool_2, lemuel_fruit_fields
Lair:3:   layout_regular_city, mainiacjoe_shoals_entry_four_pools
Lair:4:   layout_long_grid, chequers_serial_rivers_large_a,
          serial_bayou_shore_a, grunt_megastairs_2, lemuel_fruit_tree,
          uniq_nessos
Lair:5:   gammafunk_lair_ancient_temple, layout_hall_layers,
          nicolae_slime_entry_field_trip, nicolae_quartered_pool_medium,
          hellmonk_guarded_unrand_zhor
Shoals:1: layout_shoals, serial_shops, shop, gammafunk_ghost_cemetery,
          uniq_frances, uniq_nikola, uniq_donald
Shoals:2: layout_shoals, nicolae_shoals_secluded_bog, uniq_polyphemus
Shoals:3: layout_shoals, uniq_ilsuiw
Shoals:4: shoals_end_grunt_ice, layout_shoals, serial_shops, shop,
          nicolae_shoals_stone_sculpture_thing
Spider:1: cheibrodos_spider_deadly_dance, uniq_aizul
Spider:2: layout_spider_delve, nicolae_spider_some_kinda_spiderbox, uniq_arachne
Spider:3: layout_chambers, hangedman_spider_tarantella_strand
Spider:4: spider_rune_water
Slime:1:  nicolae_slime_jelly_donut, layout_caves
Slime:2:  layout_caves
Slime:3:  layout_caves
Slime:4:  layout_caves, nicolae_slime_welcoming_committee
Slime:5:  slime_pit_nicolae_amoeboid
Orc:1:    layout_caves
Orc:2:    hellmonk_orc_salted, layout_diamond_mine,
          nicolae_volcano_entry_lava_flow, serial_shops, shop
Elf:1:    eino_elf_arrival_altar, layout_geoelf_grid, hangedman_elf_disciples,
          st_stairs_14, kilobyte_rumbling_trees
Elf:2:    elven_hall_of_blades_hangedman_alternative
          [nicolae_blade_entry_pointy_end], layout_rooms,
          wad_floor_pattern_untrapped, uniq_jorgrun
Elf:3:    elf_hall_gauntlet_wide, layout_loops_ring
Vaults:1: advil_vaults_ghost_lines, nicolae_vaults_network_square,
          ontoclasm_vaults_gateway, nicolae_vaults_octothorpe,
          ontoclasm_vaults_twist, nicolae_vaults_closet_pinwheel_3,
          nicolae_vaults_shelves_hall, nicolae_vaults_tetromino_L_1,
          nicolae_vaults_storage_room_statues, nicolae_vaults_alarming,
          layout_vaults_chaotic_city
Vaults:2: nicolae_vaults_trapezoid_4, vaults_dpeg_encased_lava,
          hangedman_vaults_hat, nicolae_vaults_trapezoid_lopsided_3,
          nicolae_vaults_tetromino_Z_2, hangedman_vaults_slice,
          vaults_dpeg_emergency_exit, nicolae_vaults_octothorpe,
          vaults_dpeg_hooks, nicolae_vaults_storage_room_glass, v_misc_18,
          nicolae_vaults_variable_pillar_hall, v_misc_24,
          nicolae_vaults_turnstiles, layout_vaults_quadrants, uniq_mara,
          uniq_frederick
Vaults:3: ontoclasm_vaults_spin, v_pattern_4, minmay_crypt_entry_simple_statues,
          nicolae_vaults_wine_cellar, vaults_dpeg_spiral,
          nicolae_vaults_sealed_display, nicolae_vaults_yaktaur_gun_rack,
          ontoclasm_vaults_shuriken, nicolae_vaults_mini_display_case,
          nicolae_vaults_know_your_exits, nicolae_vaults_house_3,
          nicolae_vaults_house_3, nicolae_vaults_theta, layout_vaults_ring
Vaults:4: nicolae_vaults_ring_of_whatevers, hangedman_vaults_hard_town_square,
          v_misc_4, hangedman_vaults_nails, v_misc_32,
          nicolae_vaults_little_squares_6, vaults_dpeg_ring,
          nicolae_vaults_wrenched, hangedman_vaults_cutoff,
          hangedman_vaults_nodes, hangedman_vaults_stretched_pinwheel,
          nicolae_vaults_rhombus_5, vaults_room_ringed_pool, layout_vaults_maze
Vaults:5
Crypt:1:  layout_misc_corridors, grunt_crypt_arrival_split
Crypt:2:  cheibrodos_crypt_3hun_7po, layout_gridlike, grunt_megastairs_1,
          uniq_boris, uniq_zenata
Crypt:3:  evilmike_haunted_forest
Tomb:1
Depths:1: layout_basic, grunt_pan_entry_spiral, grunt_gozag_breadcrumbs,
          special_room [special_room_magic_class],
          pf_vacation_house_of_asmodeus, serial_shops,
          nicolae_book_shop_shelving, kennysheep_underground_church
Depths:2: minmay_imperfect_grid, layout_cave_shapes, enter_ziggurat_d,
          hangedman_tar_grid_catacomb, hex_medium, rand_demon_pan_entry_8,
          serial_shops, nicolae_shop_crystal, fedhas_altar_fruit_tree
Depths:3: minmay_the_grid_square_5x5_4x4_mashed
          [minmay_the_grid_square_5x5_three_walls,
          minmay_the_grid_square_5x5_fancy_junction,
          minmay_the_grid_square_5x5_mess,
          minmay_the_grid_square_5x5_misaligned,
          minmay_the_grid_square_5x5_checkered_statues,
          minmay_the_grid_square_5x5_prize_itemx,
          minmay_the_grid_square_5x5_prize_rear_guard,
          minmay_the_grid_square_5x5_checkered_sparse,
          minmay_the_grid_square_5x5_half_checkered,
          minmay_the_grid_square_5x5_prize_pseudospiral,
          minmay_the_grid_square_5x5_prize_open,
          minmay_the_grid_square_5x5_almost_minimal,
          minmay_the_grid_square_5x5_minivault,
          minmay_the_grid_square_5x5_inner_z,
          minmay_the_grid_square_5x5_minimal,
          minmay_the_grid_square_5x5_inner_i], layout_long_grid,
          ebering_ghost_inner_flame, serial_shops, nicolae_inconvenience_store,
          nicolae_shop_rolled_up, nicolae_shop_statue_plus,
          minmay_room_of_horrors, grunt_pan_entry_in_and_out, hell_entry,
          dk_noncrumbling_4
Depths:4: grunt_x_marks_the_spot, layout_basic, abyss_entry_crystal, hell_entry,
          st_stairs_11, tso_oasis_becter, uniq_grunn
Zot:1:    layout_twisted_circle
Zot:2:    layout_basic
Zot:3:    dreamdust_zin_vs_xom, layout_misc_corridors,
          hangedman_zot_diagonal_lockstep, lemuel_elevator
Zot:4:    hellmonk_paralyzer, layout_misc_corridors, regret_index_zotdec_zees
Zot:5:    layout_basic

Skill      XL: |  1  2  3  4  5  6  7  8  9 10 11 12 13 14 15 16 17 18 19 20 21 22 23 24 25 26 27 |
---------------+----------------------------------------------------------------------------------+-----
Fighting       | 3 4 5 6 7 8 10 11 12 14 16 18 19 20 21 23 24 25 26 | 26.2
Maces & Flails | 1 2 3 4 5 6 9 11 13 14 16 17 19 20 21 22 | 22.8
Dodging        | 4 6 9 10 11 12 13 | 13.0
Invocations    | 4 6 9 11 12 13 15 16 17 19 20 22 23 26 | 26.8
Throwing       | 4 6 8 10 11 12 13 15 16 17 18 19 | 19.6
Evocations     | 2 5 6 8 9 10 11 12 13 | 13.0
Translocations | 4 6 7 8 9 |  9.4
Spellcasting   | 5 8 |  8.0
Hexes          | 3 8 |  8.0
Earth Magic    | 9 |  9.2
Staves         | |  4.0
Air Magic      | |  1.0

Action                     |  1- 3 |  4- 6 |  7- 9 | 10-12 | 13-15 | 16-18 | 19-21 | 22-24 | 25-27 || total
---------------------------+-------+-------+-------+-------+-------+-------+-------+-------+-------++-------
  Melee: Quarterstaff      |    82 |   116 |   160 |    18 |       |       |       |       |       ||   376
         Headbutt          |     8 |    13 |    43 |    70 |   175 |   153 |   282 |   327 |   416 ||  1487
         Giant spiked club |       |       |    54 |   351 |   658 |   578 |   938 |  1083 |  1129 ||  4791
  Throw: Dart              |       |       |       |    13 |    16 |    15 |     9 |       |       ||    53
         Throwing net      |       |       |       |       |     3 |       |       |       |       ||     3
         Large rock        |       |       |       |       |     4 |    50 |    53 |    64 |   195 ||   366
         Boomerang         |       |       |       |       |     3 |     9 |    21 |     8 |    25 ||    66
         Javelin           |       |       |       |       |       |       |       |     2 |       ||     2
   Cast: Shock             |       |     1 |     5 |       |       |       |       |       |       ||     6
         Lesser Beckoning  |       |       |       |       |       |       |     2 |       |       ||     2
         Dimensional Bulls |       |       |       |       |       |       |       |       |     2 ||     2
         Passage of Golubr |       |       |       |       |       |       |       |       |     1 ||     1
 Invoke: Divine Shield     |       |       |     1 |     7 |    13 |     6 |    10 |     4 |     8 ||    49
         Cleansing Flame   |       |       |       |       |     1 |    10 |     2 |     7 |    30 ||    50
         Brand Weapon With |       |       |       |       |       |     1 |       |       |       ||     1
         Summon Divine War |       |       |       |       |       |       |     3 |       |     1 ||     4
  Evoke: Wand              |       |       |     1 |       |    13 |     4 |     6 |       |       ||    24
         Box of beasts     |       |       |       |       |       |     1 |     1 |       |       ||     2
         Lightning rod     |       |       |       |       |       |       |     4 |       |       ||     4
         Phial of floods   |       |       |       |       |       |       |     1 |       |     1 ||     2
         Tin of tremorston |       |       |       |       |       |       |       |       |     1 ||     1
    Use: Scroll            |     1 |     9 |     7 |     3 |    12 |    12 |     3 |     3 |    21 ||    71
         Potion            |       |       |     1 |     2 |     2 |     8 |     2 |     5 |     8 ||    28
 Armour: Robe              |    60 |    98 |   141 |   122 |       |       |       |   209 |   836 ||  1466
         Skin              |       |       |    24 |       |       |       |       |       |       ||    24
         Troll leather arm |       |       |       |   109 |   516 |   536 |       |       |       ||  1161
         Animal skin       |       |       |       |       |       |    30 |   555 |   476 |       ||  1061
  Dodge: Dodged            |    33 |    62 |    94 |   198 |   427 |   381 |   501 |   566 |   573 ||  2835
  Block: Other             |       |       |     1 |    34 |    51 |    38 |    56 |    23 |    84 ||   287

Table legend: (Time is in decaauts)
 A = Elapsed time spent in this place.
 B = Non-inter-level travel time spent in this place.
 C = Inter-level travel time spent in this place.
 D = Time resting spent in this place.
 E = Time spent auto-exploring this place.
 F = Levels seen in this place.
 G = Mean time per level.
                   A        B        C        D        E       F      G
               +--------+--------+--------+--------+--------+-----+--------+
         Total |  51323 |  43146 |   8177 |  11379 |     76 |  57 |  900.4 |
       Dungeon |  10743 |   7981 |   2762 |    554 |      0 |  15 |  716.2 |
          Lair |   4756 |   3756 |   1000 |    829 |     36 |   5 |  951.2 |
        Shoals |   5212 |   4944 |    268 |   2414 |      0 |   4 | 1303.0 |
   Spider Nest |   4536 |   4212 |    324 |   1323 |      0 |   4 | 1134.0 |
    Slime Pits |   1007 |    968 |     39 |    181 |      0 |   5 |  201.4 |
  Orcish Mines |   1733 |   1380 |    353 |      4 |      0 |   2 |  866.5 |
   Elven Halls |   4852 |   4336 |    516 |   2065 |      0 |   3 | 1617.3 |
        Vaults |   8326 |   6877 |   1449 |   2361 |      0 |   5 | 1665.2 |
         Crypt |   3538 |   3274 |    264 |    990 |      0 |   3 | 1179.3 |
          Tomb |    227 |    151 |     76 |      4 |      0 |   1 |  227.0 |
        Depths |   3983 |   2988 |    995 |    135 |     32 |   4 |  995.8 |
           Zot |   1812 |   1685 |    127 |    255 |      8 |   5 |  362.4 |
      Gauntlet |    593 |    593 |      0 |    259 |      0 |   1 |  593.0 |
               +--------+--------+--------+--------+--------+-----+--------+

Top non-repeatable levels by time:
Vaults:2: 2500 daAuts
   Elf:3: 2131 daAuts
 Crypt:3: 1797 daAuts
Spider:4: 1763 daAuts
Vaults:1: 1736 daAuts
Vaults:4: 1602 daAuts
Shoals:3: 1495 daAuts
   Elf:2: 1473 daAuts
  Lair:2: 1469 daAuts
Shoals:4: 1465 daAuts
Shoals:2: 1377 daAuts
Vaults:3: 1358 daAuts
   Orc:2: 1344 daAuts
   Elf:1: 1247 daAuts
   Zot:5: 1184 daAuts
